Workbook
Name _Hlk94695418: 'SOE_per fund'!$H$13
Name add: Supplier!$A$1:$G$1
Name ADDRESS: Suppliers!$C$1:$C$54
Name CDR: 'CDR_per fund'!$I$13:$T$38
Name Code: 'List Of Schools'!#REF!
Name Column1: Suppliers!$E$1:$E$338
Name Column2: [1]Suppliers!$E:$E
Name Column2: #REF!
Name Column3: [1]Suppliers!$G:$G
Name Column3: #REF!
Name Column4: #REF!
Name ColumnVAT: Suppliers!$G$1:$G$338
Name dates: #REF!
Name five: 'SOE_per fund'!$O$12
Name G_S: Suppliers!$D$1:$D$338
Name GOODS_SERVICE: #REF!
Name GS: [2]SUPPLIER!$J:$J
Name NAME_OF_PAYEE: [1]Supply!$B$2:$B$277,[1]Supply!$B$280:$B$500
Name NAME_OF_PAYEE: Supplier!$B$2:$B$277,Supplier!$B$280:$B$500
Name name_of_payee: #REF!
Name newTin: [1]!newSupply[TIN Number]
Name newTin: newSupply[TIN Number]
Name NexttoCDR: "Picture 16"
Name one: 'SOE_per fund'!$L$12
Name Payee: Suppliers!$B$1:$B$338
Name Schools: 'List Of Schools'!$A$3:$A$41
Name supply: #REF!
Name supply12: Supplier!$E:$E
Name supply35: Supplier!$G:$G
Name supplygs: [1]Supply!$D:$D
Name supplygs: Supplier!$D:$D
Name supplyname: [1]Supply!$B:$B
Name supplyname: Supplier!$B:$B
Name supplytin: [1]Supply!$A:$A
Name supplytin: Supplier!$A:$A
Name supplyvatnvat: [1]Supply!$F:$F
Name supplyvatnvat: Supplier!$F:$F
Name three: 'SOE_per fund'!$N$12
Name TIN: Table1[[#All],[TIN '#]]
Name two: 'SOE_per fund'!$M$12
Name UACS: UACS!$A$1:$B$151
Name UACSTABLE: UACS!$A$1:$B$151
Name VAT_NVAT: #REF!
Name VATNVAVT: Suppliers!$F$1:$F$338
Name VN: [2]SUPPLIER!$L:$L

Sheet UACS
A1: UACS Name | B1: UACS Code
A2: Traveling Expenses - Local | B2: 5020101000
A3: Traveling Expenses - Foreign | B3: 5020102000
A4: ICT Training Expenses | B4: 5020201001
A5: Training Expenses | B5: 5020201002
A6: ICT Office Supplies Expenses | B6: 5020301001
A7: Office Supplies Expenses | B7: 5020301002
A8: Accountable Forms Expenses | B8: 5020302000
A9: Non-Accountable Forms Expenses | B9: 5020303000
A10: Animal/Zoological Supplies Expenses | B10: 5020304000
A11: Food Supplies Expenses | B11: 5020305000
A12: Drugs & Medicines Expenses | B12: 5020307000
A13: Medical, Dental and Laboratory Supplies Expenses | B13: 5020308000
... A151: Computer Software | B151: 5060602000

Sheet Data Entry
A1: Information
A3: SCHOOL:
A4: SCHOOL HEAD:
A5: DESIGNATION:
A6: MONTH:

Sheet Supplier
A1: Column4 | B1: NAME OF PAYEE | C1: Column1 | D1: GOODS/SERVICE | E1: Column2 | F1: VAT/NVAT | G1: Column3
A2: 268-138-368-0000 | B2: 3CA BUILDERS | D2: WI120 | E2: =(_xlfn.IFNA(INDEX(Table2[Column1],MATCH(g_s_15[[#This Row],[GOODS/SERVICE]],Table2[GOODS/SERVICE],0)),"")) -> 0.02 | F2: WV020 | G2: =(_xlfn.IFNA(INDEX(Table6[Column1],MATCH(vatnvat16[[#This Row],[VAT/NVAT]],Table6[VAT/NVAT],0)),"")) -> 0.05
A3: 928-342-625-0000 | B3: 60 B CYBER STATION | D3: WI640 | E3: =(_xlfn.IFNA(INDEX(Table2[Column1],MATCH(g_s_15[[#This Row],[GOODS/SERVICE]],Table2[GOODS/SERVICE],0)),"")) -> 0.01 | F3: WB080 | G3: =(_xlfn.IFNA(INDEX(Table6[Column1],MATCH(vatnvat16[[#This Row],[VAT/NVAT]],Table6[VAT/NVAT],0)),"")) -> 0.03
A4: 439-989-108-0000 | B4: A.M. PAMPLONA PRINTING SERVICES | D4: WI640 | E4: =(_xlfn.IFNA(INDEX(Table2[Column1],MATCH(g_s_15[[#This Row],[GOODS/SERVICE]],Table2[GOODS/SERVICE],0)),"")) -> 0.01 | F4: WB080 | G4: =(_xlfn.IFNA(INDEX(Table6[Column1],MATCH(vatnvat16[[#This Row],[VAT/NVAT]],Table6[VAT/NVAT],0)),"")) -> 0.03
A5: 180-240-467-0000 | B5: A.N.N.RESTAURANT | D5: WI157 | E5: =(_xlfn.IFNA(INDEX(Table2[Column1],MATCH(g_s_15[[#This Row],[GOODS/SERVICE]],Table2[GOODS/SERVICE],0)),"")) -> 0.02 | F5: WV020 | G5: =(_xlfn.IFNA(INDEX(Table6[Column1],MATCH(vatnvat16[[#This Row],[VAT/NVAT]],Table6[VAT/NVAT],0)),"")) -> 0.05
A6: 402-125-200-0000 | B6: A2J'S PARTY NEEDS AND T-SHIRT PRINTING SERVICES | D6: WI640 | E6: =(_xlfn.IFNA(INDEX(Table2[Column1],MATCH(g_s_15[[#This Row],[GOODS/SERVICE]],Table2[GOODS/SERVICE],0)),"")) -> 0.01 | F6: WB080 | G6: =(_xlfn.IFNA(INDEX(Table6[Column1],MATCH(vatnvat16[[#This Row],[VAT/NVAT]],Table6[VAT/NVAT],0)),"")) -> 0.03
A7: 000-299-299-0036 | B7: A2J'S PARTY NEEDS AND T-SHIRT PRINTING SERVICES | D7: WC640 | E7: =(_xlfn.IFNA(INDEX(Table2[Column1],MATCH(g_s_15[[#This Row],[GOODS/SERVICE]],Table2[GOODS/SERVICE],0)),"")) -> 0.01 | F7: WV010 | G7: =(_xlfn.IFNA(INDEX(Table6[Column1],MATCH(vatnvat16[[#This Row],[VAT/NVAT]],Table6[VAT/NVAT],0)),"")) -> 0.05
A8: 275-548-645-0000 | B8: ABI GRACIAS MARKETING | D8: WI640 | E8: =(_xlfn.IFNA(INDEX(Table2[Column1],MATCH(g_s_15[[#This Row],[GOODS/SERVICE]],Table2[GOODS/SERVICE],0)),"")) -> 0.01 | F8: WB080 | G8: =(_xlfn.IFNA(INDEX(Table6[Column1],MATCH(vatnvat16[[#This Row],[VAT/NVAT]],Table6[VAT/NVAT],0)),"")) -> 0.03
A9: 150-501-608-0010 | B9: ABING APARTMENT | D9: WI100 | E9: =(_xlfn.IFNA(INDEX(Table2[Column1],MATCH(g_s_15[[#This Row],[GOODS/SERVICE]],Table2[GOODS/SERVICE],0)),"")) -> 0.05 | G9: =(_xlfn.IFNA(INDEX(Table6[Column1],MATCH(vatnvat16[[#This Row],[VAT/NVAT]],Table6[VAT/NVAT],0)),""))
A10: 259-438-832-00001 | B10: AC RECIO DEPARTMENT STORE | D10: WI640 | E10: =(_xlfn.IFNA(INDEX(Table2[Column1],MATCH(g_s_15[[#This Row],[GOODS/SERVICE]],Table2[GOODS/SERVICE],0)),"")) -> 0.01 | F10: WV010 | G10: =(_xlfn.IFNA(INDEX(Table6[Column1],MATCH(vatnvat16[[#This Row],[VAT/NVAT]],Table6[VAT/NVAT],0)),"")) -> 0.05
A11: 200-035-311-0000 | B11: ACE HARDWARE PHILIPPINES, INC. | D11: WC640 | E11: =(_xlfn.IFNA(INDEX(Table2[Column1],MATCH(g_s_15[[#This Row],[GOODS/SERVICE]],Table2[GOODS/SERVICE],0)),"")) -> 0.01 | F11: WV010 | G11: =(_xlfn.IFNA(INDEX(Table6[Column1],MATCH(vatnvat16[[#This Row],[VAT/NVAT]],Table6[VAT/NVAT],0)),"")) -> 0.05
A12: 933-335-700-001 | B12: ACNLC TRADING | D12: WI640 | E12: =(_xlfn.IFNA(INDEX(Table2[Column1],MATCH(g_s_15[[#This Row],[GOODS/SERVICE]],Table2[GOODS/SERVICE],0)),"")) -> 0.01 | F12: WV010 | G12: =(_xlfn.IFNA(INDEX(Table6[Column1],MATCH(vatnvat16[[#This Row],[VAT/NVAT]],Table6[VAT/NVAT],0)),"")) -> 0.05
A13: 200-470-425-0005 | B13: ACTIVE HEARING CENTER - LUCENA BRANCH | D13: WC157 | E13: =(_xlfn.IFNA(INDEX(Table2[Column1],MATCH(g_s_15[[#This Row],[GOODS/SERVICE]],Table2[GOODS/SERVICE],0)),"")) -> 0.02 | F13: WV020 | G13: =(_xlfn.IFNA(INDEX(Table6[Column1],MATCH(vatnvat16[[#This Row],[VAT/NVAT]],Table6[VAT/NVAT],0)),"")) -> 0.05
A14: 909-421-522-0000 | B14: ADOOH-BENG GENERAL MERCHANDISE | D14: WI640 | E14: =(_xlfn.IFNA(INDEX(Table2[Column1],MATCH(g_s_15[[#This Row],[GOODS/SERVICE]],Table2[GOODS/SERVICE],0)),"")) -> 0.01 | F14: WV010 | G14: =(_xlfn.IFNA(INDEX(Table6[Column1],MATCH(vatnvat16[[#This Row],[VAT/NVAT]],Table6[VAT/NVAT],0)),"")) -> 0.05
A15: 418-042-016-0000 | B15: AHR GLASS & ALUMINUM SUPPLY & GENERAL MERCHANDISE | D15: WI640 | E15: =(_xlfn.IFNA(INDEX(Table2[Column1],MATCH(g_s_15[[#This Row],[GOODS/SERVICE]],Table2[GOODS/SERVICE],0)),"")) -> 0.01 | F15: WV010 | G15: =(_xlfn.IFNA(INDEX(Table6[Column1],MATCH(vatnvat16[[#This Row],[VAT/NVAT]],Table6[VAT/NVAT],0)),"")) -> 0.05
A16: 602-736-408-00000 | B16: AJT ONE ALUMINUM AND GLASS SUPPLY CORP. | D16: WC640 | E16: =(_xlfn.IFNA(INDEX(Table2[Column1],MATCH(g_s_15[[#This Row],[GOODS/SERVICE]],Table2[GOODS/SERVICE],0)),"")) -> 0.01 | F16: WV010 | G16: =(_xlfn.IFNA(INDEX(Table6[Column1],MATCH(vatnvat16[[#This Row],[VAT/NVAT]],Table6[VAT/NVAT],0)),"")) -> 0.05
A17: 431-279-751-0000 | B17: AL AND SALY GENERAL MERCHANDISE | D17: WI640 | E17: =(_xlfn.IFNA(INDEX(Table2[Column1],MATCH(g_s_15[[#This Row],[GOODS/SERVICE]],Table2[GOODS/SERVICE],0)),"")) -> 0.01 | F17: WB080 | G17: =(_xlfn.IFNA(INDEX(Table6[Column1],MATCH(vatnvat16[[#This Row],[VAT/NVAT]],Table6[VAT/NVAT],0)),"")) -> 0.03
A18: 115-902-248-0000 | B18: AL MAE GENERAL MERCHANDISE | D18: WI640 | E18: =(_xlfn.IFNA(INDEX(Table2[Column1],MATCH(g_s_15[[#This Row],[GOODS/SERVICE]],Table2[GOODS/SERVICE],0)),"")) -> 0.01 | F18: WB080 | G18: =(_xlfn.IFNA(INDEX(Table6[Column1],MATCH(vatnvat16[[#This Row],[VAT/NVAT]],Table6[VAT/NVAT],0)),"")) -> 0.03
A19: 272-389-871-0000 | B19: ALAS PHARMACY | D19: WI640 | E19: =(_xlfn.IFNA(INDEX(Table2[Column1],MATCH(g_s_15[[#This Row],[GOODS/SERVICE]],Table2[GOODS/SERVICE],0)),"")) -> 0.01 | F19: WB080 | G19: =(_xlfn.IFNA(INDEX(Table6[Column1],MATCH(vatnvat16[[#This Row],[VAT/NVAT]],Table6[VAT/NVAT],0)),"")) -> 0.03
A20: 133-640-468-0000 | B20: ALCOREZA GLASS AND ALUMINUM SUPPLY | D20: WI640 | E20: =(_xlfn.IFNA(INDEX(Table2[Column1],MATCH(g_s_15[[#This Row],[GOODS/SERVICE]],Table2[GOODS/SERVICE],0)),"")) -> 0.01 | F20: WB080 | G20: =(_xlfn.IFNA(INDEX(Table6[Column1],MATCH(vatnvat16[[#This Row],[VAT/NVAT]],Table6[VAT/NVAT],0)),"")) -> 0.03
A21: 125-861-556-0000 | B21: ALSAFEX ENTERPRISES | D21: WI640 | E21: =(_xlfn.IFNA(INDEX(Table2[Column1],MATCH(g_s_15[[#This Row],[GOODS/SERVICE]],Table2[GOODS/SERVICE],0)),"")) -> 0.01 | F21: WB080 | G21: =(_xlfn.IFNA(INDEX(Table6[Column1],MATCH(vatnvat16[[#This Row],[VAT/NVAT]],Table6[VAT/NVAT],0)),"")) -> 0.03
... A50: 181-453-252-000 | B50: CENTURY OFFICE EQUIPMENT TRADING | D50: WI640 | E50: =(_xlfn.IFNA(INDEX(Table2[Column1],MATCH(g_s_15[[#This Row],[GOODS/SERVICE]],Table2[GOODS/SERVICE],0)),"")) -> 0.01 | F50: WV010 | G50: =(_xlfn.IFNA(INDEX(Table6[Column1],MATCH(vatnvat16[[#This Row],[VAT/NVAT]],Table6[VAT/NVAT],0)),"")) -> 0.05
A51: 172-796-077-0000 | B51: CERELINA M. MARAMAG | D51: WI080 | E51: =(_xlfn.IFNA(INDEX(Table2[Column1],MATCH(g_s_15[[#This Row],[GOODS/SERVICE]],Table2[GOODS/SERVICE],0)),"")) -> 0.05 | G51: =(_xlfn.IFNA(INDEX(Table6[Column1],MATCH(vatnvat16[[#This Row],[VAT/NVAT]],Table6[VAT/NVAT],0)),""))
A52: 771-647-762-0000 | B52: CHEF TROYWILZ CATERING SERVICES | D52: WI157 | E52: =(_xlfn.IFNA(INDEX(Table2[Column1],MATCH(g_s_15[[#This Row],[GOODS/SERVICE]],Table2[GOODS/SERVICE],0)),"")) -> 0.02 | F52: WB080 | G52: =(_xlfn.IFNA(INDEX(Table6[Column1],MATCH(vatnvat16[[#This Row],[VAT/NVAT]],Table6[VAT/NVAT],0)),"")) -> 0.03
A53: 710-023-602-0000 | B53: CHEFMILES MC-ALY GRILL HOUSE | D53: WI157 | E53: =(_xlfn.IFNA(INDEX(Table2[Column1],MATCH(g_s_15[[#This Row],[GOODS/SERVICE]],Table2[GOODS/SERVICE],0)),"")) -> 0.02 | F53: WB080 | G53: =(_xlfn.IFNA(INDEX(Table6[Column1],MATCH(vatnvat16[[#This Row],[VAT/NVAT]],Table6[VAT/NVAT],0)),"")) -> 0.03
A54: 497-638-911-0000 | B54: CL ARTZ PRINTING AND PARTY NEEDS | D54: WI640 | E54: =(_xlfn.IFNA(INDEX(Table2[Column1],MATCH(g_s_15[[#This Row],[GOODS/SERVICE]],Table2[GOODS/SERVICE],0)),"")) -> 0.01 | F54: WB080 | G54: =(_xlfn.IFNA(INDEX(Table6[Column1],MATCH(vatnvat16[[#This Row],[VAT/NVAT]],Table6[VAT/NVAT],0)),"")) -> 0.03
A55: 932-068-537-0000 | B55: CLAIREVERSON GENERAL MERCHANDISING | D55: WI640 | E55: =(_xlfn.IFNA(INDEX(Table2[Column1],MATCH(g_s_15[[#This Row],[GOODS/SERVICE]],Table2[GOODS/SERVICE],0)),"")) -> 0.01 | F55: WB080 | G55: =(_xlfn.IFNA(INDEX(Table6[Column1],MATCH(vatnvat16[[#This Row],[VAT/NVAT]],Table6[VAT/NVAT],0)),"")) -> 0.03
A56: 272-588-294-0000 | B56: CMCZ ENTERPRISES | D56: WI640 | E56: =(_xlfn.IFNA(INDEX(Table2[Column1],MATCH(g_s_15[[#This Row],[GOODS/SERVICE]],Table2[GOODS/SERVICE],0)),"")) -> 0.01 | F56: WB080 | G56: =(_xlfn.IFNA(INDEX(Table6[Column1],MATCH(vatnvat16[[#This Row],[VAT/NVAT]],Table6[VAT/NVAT],0)),"")) -> 0.03
A57: 006-895-049-0075 | B57: CONVERGE INFORMATION AND COMMUNICATIONS TECHNOLOGY SOLUTIONS, INC. - LUCBAN | D57: WC157 | E57: =(_xlfn.IFNA(INDEX(Table2[Column1],MATCH(g_s_15[[#This Row],[GOODS/SERVICE]],Table2[GOODS/SERVICE],0)),"")) -> 0.02 | F57: WV020 | G57: =(_xlfn.IFNA(INDEX(Table6[Column1],MATCH(vatnvat16[[#This Row],[VAT/NVAT]],Table6[VAT/NVAT],0)),"")) -> 0.05
A58: 006-895-049-0117 | B58: CONVERGE INFORMATION AND COMMUNICATIONS TECHNOLOGY SOLUTIONS, INC. - TAYABAS | D58: WC157 | E58: =(_xlfn.IFNA(INDEX(Table2[Column1],MATCH(g_s_15[[#This Row],[GOODS/SERVICE]],Table2[GOODS/SERVICE],0)),"")) -> 0.02 | F58: WV020 | G58: =(_xlfn.IFNA(INDEX(Table6[Column1],MATCH(vatnvat16[[#This Row],[VAT/NVAT]],Table6[VAT/NVAT],0)),"")) -> 0.05
A59: 007-982-168-0000 | B59: CORITOS GARDEN INC | D59: WC157 | E59: =(_xlfn.IFNA(INDEX(Table2[Column1],MATCH(g_s_15[[#This Row],[GOODS/SERVICE]],Table2[GOODS/SERVICE],0)),"")) -> 0.02 | F59: WV020 | G59: =(_xlfn.IFNA(INDEX(Table6[Column1],MATCH(vatnvat16[[#This Row],[VAT/NVAT]],Table6[VAT/NVAT],0)),"")) -> 0.05
A60: 258-131-808-0000 | B60: COSTIMIANO ENTERPRISES | D60: WI640 | E60: =(_xlfn.IFNA(INDEX(Table2[Column1],MATCH(g_s_15[[#This Row],[GOODS/SERVICE]],Table2[GOODS/SERVICE],0)),"")) -> 0.01 | F60: WV010 | G60: =(_xlfn.IFNA(INDEX(Table6[Column1],MATCH(vatnvat16[[#This Row],[VAT/NVAT]],Table6[VAT/NVAT],0)),"")) -> 0.05
A61: 485-101-444-0000 | B61: CRISJAN GLASS AND PLASTIC WARES | D61: WI640 | E61: =(_xlfn.IFNA(INDEX(Table2[Column1],MATCH(g_s_15[[#This Row],[GOODS/SERVICE]],Table2[GOODS/SERVICE],0)),"")) -> 0.01 | F61: WB080 | G61: =(_xlfn.IFNA(INDEX(Table6[Column1],MATCH(vatnvat16[[#This Row],[VAT/NVAT]],Table6[VAT/NVAT],0)),"")) -> 0.03
A62: 928-277-429-0010 | B62: CUE 5 SHELL GASOLINE STATION | D62: WC640 | E62: =(_xlfn.IFNA(INDEX(Table2[Column1],MATCH(g_s_15[[#This Row],[GOODS/SERVICE]],Table2[GOODS/SERVICE],0)),"")) -> 0.01 | F62: WV010 | G62: =(_xlfn.IFNA(INDEX(Table6[Column1],MATCH(vatnvat16[[#This Row],[VAT/NVAT]],Table6[VAT/NVAT],0)),"")) -> 0.05
A63: 494-537-393-0000 | B63: CYUAN TRADING | D63: WI640 | E63: =(_xlfn.IFNA(INDEX(Table2[Column1],MATCH(g_s_15[[#This Row],[GOODS/SERVICE]],Table2[GOODS/SERVICE],0)),"")) -> 0.01 | F63: WV010 | G63: =(_xlfn.IFNA(INDEX(Table6[Column1],MATCH(vatnvat16[[#This Row],[VAT/NVAT]],Table6[VAT/NVAT],0)),"")) -> 0.05
... A79: 453-776-998-0000 | B79: EM-AR HANDICRAFTS TRADING | D79: WI640 | E79: =(_xlfn.IFNA(INDEX(Table2[Column1],MATCH(g_s_15[[#This Row],[GOODS/SERVICE]],Table2[GOODS/SERVICE],0)),"")) -> 0.01 | F79: WB080 | G79: =(_xlfn.IFNA(INDEX(Table6[Column1],MATCH(vatnvat16[[#This Row],[VAT/NVAT]],Table6[VAT/NVAT],0)),"")) -> 0.03
A80: 149-165-018-0000 | B80: ERLINA R. RONDA | D80: WI080 | E80: =(_xlfn.IFNA(INDEX(Table2[Column1],MATCH(g_s_15[[#This Row],[GOODS/SERVICE]],Table2[GOODS/SERVICE],0)),"")) -> 0.05 | G80: =(_xlfn.IFNA(INDEX(Table6[Column1],MATCH(vatnvat16[[#This Row],[VAT/NVAT]],Table6[VAT/NVAT],0)),""))
A81: 916-428-512-0000 | B81: ESPINOZA COPYHAUS | D81: WI640 | E81: =(_xlfn.IFNA(INDEX(Table2[Column1],MATCH(g_s_15[[#This Row],[GOODS/SERVICE]],Table2[GOODS/SERVICE],0)),"")) -> 0.01 | F81: WB080 | G81: =(_xlfn.IFNA(INDEX(Table6[Column1],MATCH(vatnvat16[[#This Row],[VAT/NVAT]],Table6[VAT/NVAT],0)),"")) -> 0.03
A82: 157-316-470-0000 | B82: FAMOUS ELECTRICAL AND CONSTRUCTION SUPPLY | D82: WI640 | E82: =(_xlfn.IFNA(INDEX(Table2[Column1],MATCH(g_s_15[[#This Row],[GOODS/SERVICE]],Table2[GOODS/SERVICE],0)),"")) -> 0.01 | F82: WV010 | G82: =(_xlfn.IFNA(INDEX(Table6[Column1],MATCH(vatnvat16[[#This Row],[VAT/NVAT]],Table6[VAT/NVAT],0)),"")) -> 0.05
A83: 293-771-134-0000 | B83: FARRAJEEVA GENERAL MERCHANDISE | D83: WI640 | E83: =(_xlfn.IFNA(INDEX(Table2[Column1],MATCH(g_s_15[[#This Row],[GOODS/SERVICE]],Table2[GOODS/SERVICE],0)),"")) -> 0.01 | F83: WB080 | G83: =(_xlfn.IFNA(INDEX(Table6[Column1],MATCH(vatnvat16[[#This Row],[VAT/NVAT]],Table6[VAT/NVAT],0)),"")) -> 0.03
A84: 009-924-175-0000 | B84: FEDERAL CONCEPTS INC | D84: WC157 | E84: =(_xlfn.IFNA(INDEX(Table2[Column1],MATCH(g_s_15[[#This Row],[GOODS/SERVICE]],Table2[GOODS/SERVICE],0)),"")) -> 0.02 | F84: WV020 | G84: =(_xlfn.IFNA(INDEX(Table6[Column1],MATCH(vatnvat16[[#This Row],[VAT/NVAT]],Table6[VAT/NVAT],0)),"")) -> 0.05
A85: 274-580-792-0000 | B85: FINEART CONSUMER GOODS TRADING | D85: WI640 | E85: =(_xlfn.IFNA(INDEX(Table2[Column1],MATCH(g_s_15[[#This Row],[GOODS/SERVICE]],Table2[GOODS/SERVICE],0)),"")) -> 0.01 | F85: WV010 | G85: =(_xlfn.IFNA(INDEX(Table6[Column1],MATCH(vatnvat16[[#This Row],[VAT/NVAT]],Table6[VAT/NVAT],0)),"")) -> 0.05
A86: 730-684-477-00001 | B86: FOOTLAND GENERAL MERCHANDIZE | D86: WI640 | E86: =(_xlfn.IFNA(INDEX(Table2[Column1],MATCH(g_s_15[[#This Row],[GOODS/SERVICE]],Table2[GOODS/SERVICE],0)),"")) -> 0.01 | F86: WB080 | G86: =(_xlfn.IFNA(INDEX(Table6[Column1],MATCH(vatnvat16[[#This Row],[VAT/NVAT]],Table6[VAT/NVAT],0)),"")) -> 0.03
A87: 169-449-365-0000 | B87: FRS AUTO AIRCON REPAIR SHOP | D87: WI157 | E87: =(_xlfn.IFNA(INDEX(Table2[Column1],MATCH(g_s_15[[#This Row],[GOODS/SERVICE]],Table2[GOODS/SERVICE],0)),"")) -> 0.02 | F87: WB080 | G87: =(_xlfn.IFNA(INDEX(Table6[Column1],MATCH(vatnvat16[[#This Row],[VAT/NVAT]],Table6[VAT/NVAT],0)),"")) -> 0.03
A88: 004-475-204-0000 | B88: GAKKEN PHILIPPINES INC | D88: WC640 | E88: =(_xlfn.IFNA(INDEX(Table2[Column1],MATCH(g_s_15[[#This Row],[GOODS/SERVICE]],Table2[GOODS/SERVICE],0)),"")) -> 0.01 | F88: WV010 | G88: =(_xlfn.IFNA(INDEX(Table6[Column1],MATCH(vatnvat16[[#This Row],[VAT/NVAT]],Table6[VAT/NVAT],0)),"")) -> 0.05
A89: 490-262-478-0000 | B89: GAMBOTIKA PHARMACY | D89: WI640 | E89: =(_xlfn.IFNA(INDEX(Table2[Column1],MATCH(g_s_15[[#This Row],[GOODS/SERVICE]],Table2[GOODS/SERVICE],0)),"")) -> 0.01 | F89: WB080 | G89: =(_xlfn.IFNA(INDEX(Table6[Column1],MATCH(vatnvat16[[#This Row],[VAT/NVAT]],Table6[VAT/NVAT],0)),"")) -> 0.03
A90: 102-290-331-0000 | B90: GEC STATIONERY AND GENERAL MERCHANDISE | D90: WI640 | E90: =(_xlfn.IFNA(INDEX(Table2[Column1],MATCH(g_s_15[[#This Row],[GOODS/SERVICE]],Table2[GOODS/SERVICE],0)),"")) -> 0.01 | F90: WV010 | G90: =(_xlfn.IFNA(INDEX(Table6[Column1],MATCH(vatnvat16[[#This Row],[VAT/NVAT]],Table6[VAT/NVAT],0)),"")) -> 0.05
A91: 432-388-311-0000 | B91: GEORDAN AND CRISLEN ELECTRONIC PARTS | D91: WI640 | E91: =(_xlfn.IFNA(INDEX(Table2[Column1],MATCH(g_s_15[[#This Row],[GOODS/SERVICE]],Table2[GOODS/SERVICE],0)),"")) -> 0.01 | F91: WB080 | G91: =(_xlfn.IFNA(INDEX(Table6[Column1],MATCH(vatnvat16[[#This Row],[VAT/NVAT]],Table6[VAT/NVAT],0)),"")) -> 0.03
A92: 006-161-363-0000 | B92: GIANT PETROLEUM CONCEPT PHILS INC | D92: WC640 | E92: =(_xlfn.IFNA(INDEX(Table2[Column1],MATCH(g_s_15[[#This Row],[GOODS/SERVICE]],Table2[GOODS/SERVICE],0)),"")) -> 0.01 | F92: WV010 | G92: =(_xlfn.IFNA(INDEX(Table6[Column1],MATCH(vatnvat16[[#This Row],[VAT/NVAT]],Table6[VAT/NVAT],0)),"")) -> 0.05
... A107: 004-160-516-0000 | B107: ILASAN MULTI PURPOSE COOPERATIVE | D107: WI640 | E107: =(_xlfn.IFNA(INDEX(Table2[Column1],MATCH(g_s_15[[#This Row],[GOODS/SERVICE]],Table2[GOODS/SERVICE],0)),"")) -> 0.01 | F107: WB080 | G107: =(_xlfn.IFNA(INDEX(Table6[Column1],MATCH(vatnvat16[[#This Row],[VAT/NVAT]],Table6[VAT/NVAT],0)),"")) -> 0.03
A108: 444-088-523-0000 | B108: IMERALD MICHELLE ESMERALDA-AMANDY, RPSY | D108: WI151 | E108: =(_xlfn.IFNA(INDEX(Table2[Column1],MATCH(g_s_15[[#This Row],[GOODS/SERVICE]],Table2[GOODS/SERVICE],0)),"")) -> 0.05 | G108: =(_xlfn.IFNA(INDEX(Table6[Column1],MATCH(vatnvat16[[#This Row],[VAT/NVAT]],Table6[VAT/NVAT],0)),""))
A109: 000-249-888-0056 | B109: IMPERIAL APPLIANCE PLAZA- LUCENA BRANCH | D109: WI640 | E109: =(_xlfn.IFNA(INDEX(Table2[Column1],MATCH(g_s_15[[#This Row],[GOODS/SERVICE]],Table2[GOODS/SERVICE],0)),"")) -> 0.01 | F109: WV010 | G109: =(_xlfn.IFNA(INDEX(Table6[Column1],MATCH(vatnvat16[[#This Row],[VAT/NVAT]],Table6[VAT/NVAT],0)),"")) -> 0.05
A110: 438-477-308-0000 | B110: INFINITY BLESSING DRY AND GEN MDSE PAPER PRODUCTS | D110: WI640 | E110: =(_xlfn.IFNA(INDEX(Table2[Column1],MATCH(g_s_15[[#This Row],[GOODS/SERVICE]],Table2[GOODS/SERVICE],0)),"")) -> 0.01 | F110: WB080 | G110: =(_xlfn.IFNA(INDEX(Table6[Column1],MATCH(vatnvat16[[#This Row],[VAT/NVAT]],Table6[VAT/NVAT],0)),"")) -> 0.03
A111: 000-404-818-0011 | B111: INTERNATIONAL TOYWORLD, INC. | D111: WC640 | E111: =(_xlfn.IFNA(INDEX(Table2[Column1],MATCH(g_s_15[[#This Row],[GOODS/SERVICE]],Table2[GOODS/SERVICE],0)),"")) -> 0.01 | F111: WV010 | G111: =(_xlfn.IFNA(INDEX(Table6[Column1],MATCH(vatnvat16[[#This Row],[VAT/NVAT]],Table6[VAT/NVAT],0)),"")) -> 0.05
A112: 768-150-330-0000 | B112: ISQUADERNO OFFICE AND SCHOOL SUPPLIES | D112: WI640 | E112: =(_xlfn.IFNA(INDEX(Table2[Column1],MATCH(g_s_15[[#This Row],[GOODS/SERVICE]],Table2[GOODS/SERVICE],0)),"")) -> 0.01 | F112: WB080 | G112: =(_xlfn.IFNA(INDEX(Table6[Column1],MATCH(vatnvat16[[#This Row],[VAT/NVAT]],Table6[VAT/NVAT],0)),"")) -> 0.03
A113: 249-923-404-0000 | B113: IT AVENUE GENERAL MERCHANDISE | D113: WI640 | E113: =(_xlfn.IFNA(INDEX(Table2[Column1],MATCH(g_s_15[[#This Row],[GOODS/SERVICE]],Table2[GOODS/SERVICE],0)),"")) -> 0.01 | F113: WV010 | G113: =(_xlfn.IFNA(INDEX(Table6[Column1],MATCH(vatnvat16[[#This Row],[VAT/NVAT]],Table6[VAT/NVAT],0)),"")) -> 0.05
A114: 232-105-993-0000 | B114: IVALUE TECHNOLOGIES CORPORATION | D114: WC157 | E114: =(_xlfn.IFNA(INDEX(Table2[Column1],MATCH(g_s_15[[#This Row],[GOODS/SERVICE]],Table2[GOODS/SERVICE],0)),"")) -> 0.02 | F114: WV020 | G114: =(_xlfn.IFNA(INDEX(Table6[Column1],MATCH(vatnvat16[[#This Row],[VAT/NVAT]],Table6[VAT/NVAT],0)),"")) -> 0.05
A115: 736-030-571-0000 | B115: J.E.J. DAZO MARKETING | D115: WI640 | E115: =(_xlfn.IFNA(INDEX(Table2[Column1],MATCH(g_s_15[[#This Row],[GOODS/SERVICE]],Table2[GOODS/SERVICE],0)),"")) -> 0.01 | F115: WV010 | G115: =(_xlfn.IFNA(INDEX(Table6[Column1],MATCH(vatnvat16[[#This Row],[VAT/NVAT]],Table6[VAT/NVAT],0)),"")) -> 0.05
A116: 156-915-703-0000 | B116: J.R. MEJILLAS'S TRADING | D116: WI640 | E116: =(_xlfn.IFNA(INDEX(Table2[Column1],MATCH(g_s_15[[#This Row],[GOODS/SERVICE]],Table2[GOODS/SERVICE],0)),"")) -> 0.01 | F116: WB080 | G116: =(_xlfn.IFNA(INDEX(Table6[Column1],MATCH(vatnvat16[[#This Row],[VAT/NVAT]],Table6[VAT/NVAT],0)),"")) -> 0.03
A117: 172-647-396-0000 | B117: JAAP GENERAL MERCHANDISE | D117: WI640 | E117: =(_xlfn.IFNA(INDEX(Table2[Column1],MATCH(g_s_15[[#This Row],[GOODS/SERVICE]],Table2[GOODS/SERVICE],0)),"")) -> 0.01 | F117: WV010 | G117: =(_xlfn.IFNA(INDEX(Table6[Column1],MATCH(vatnvat16[[#This Row],[VAT/NVAT]],Table6[VAT/NVAT],0)),"")) -> 0.05
A118: 307-859-424-0000 | B118: JADIMAV TRADING | D118: WI640 | E118: =(_xlfn.IFNA(INDEX(Table2[Column1],MATCH(g_s_15[[#This Row],[GOODS/SERVICE]],Table2[GOODS/SERVICE],0)),"")) -> 0.01 | F118: WV010 | G118: =(_xlfn.IFNA(INDEX(Table6[Column1],MATCH(vatnvat16[[#This Row],[VAT/NVAT]],Table6[VAT/NVAT],0)),"")) -> 0.05
A119: 323-440-661-0000 | B119: JANET GENERAL MERCHANDISE | D119: WI640 | E119: =(_xlfn.IFNA(INDEX(Table2[Column1],MATCH(g_s_15[[#This Row],[GOODS/SERVICE]],Table2[GOODS/SERVICE],0)),"")) -> 0.01 | F119: WB080 | G119: =(_xlfn.IFNA(INDEX(Table6[Column1],MATCH(vatnvat16[[#This Row],[VAT/NVAT]],Table6[VAT/NVAT],0)),"")) -> 0.03
A120: 273-018-979-00000 | B120: JANKAT CONSUMER GOODS TRADING | D120: WI640 | E120: =(_xlfn.IFNA(INDEX(Table2[Column1],MATCH(g_s_15[[#This Row],[GOODS/SERVICE]],Table2[GOODS/SERVICE],0)),"")) -> 0.01 | F120: WV010 | G120: =(_xlfn.IFNA(INDEX(Table6[Column1],MATCH(vatnvat16[[#This Row],[VAT/NVAT]],Table6[VAT/NVAT],0)),"")) -> 0.05
... A195: 280-440-812-0000 | B195: PIXELS ILLUSIONS | D195: WI640 | E195: =(_xlfn.IFNA(INDEX(Table2[Column1],MATCH(g_s_15[[#This Row],[GOODS/SERVICE]],Table2[GOODS/SERVICE],0)),"")) -> 0.01 | F195: WB080 | G195: =(_xlfn.IFNA(INDEX(Table6[Column1],MATCH(vatnvat16[[#This Row],[VAT/NVAT]],Table6[VAT/NVAT],0)),"")) -> 0.03
E196: =(_xlfn.IFNA(INDEX(Table2[Column1],MATCH(g_s_15[[#This Row],[GOODS/SERVICE]],Table2[GOODS/SERVICE],0)),"")) | G196: =(_xlfn.IFNA(INDEX(Table6[Column1],MATCH(vatnvat16[[#This Row],[VAT/NVAT]],Table6[VAT/NVAT],0)),""))
A197: 462-357-569-0000 | B197: POJADO COPY CENTER AND GENERAL MERCHANDISE | D197: WI640 | E197: =(_xlfn.IFNA(INDEX(Table2[Column1],MATCH(g_s_15[[#This Row],[GOODS/SERVICE]],Table2[GOODS/SERVICE],0)),"")) -> 0.01 | F197: WB080 | G197: =(_xlfn.IFNA(INDEX(Table6[Column1],MATCH(vatnvat16[[#This Row],[VAT/NVAT]],Table6[VAT/NVAT],0)),"")) -> 0.03
A198: 000-253-133-0000 | B198: POLARIS INDUSTRIAL TRADING CORP | D198: WI640 | E198: =(_xlfn.IFNA(INDEX(Table2[Column1],MATCH(g_s_15[[#This Row],[GOODS/SERVICE]],Table2[GOODS/SERVICE],0)),"")) -> 0.01 | F198: WV010 | G198: =(_xlfn.IFNA(INDEX(Table6[Column1],MATCH(vatnvat16[[#This Row],[VAT/NVAT]],Table6[VAT/NVAT],0)),"")) -> 0.05
A199: 247-220-837-00045 | B199: PRIMEWATER INFRASTRUCTURE CORP. | D199: WC157 | E199: =(_xlfn.IFNA(INDEX(Table2[Column1],MATCH(g_s_15[[#This Row],[GOODS/SERVICE]],Table2[GOODS/SERVICE],0)),"")) -> 0.02 | F199: WV020 | G199: =(_xlfn.IFNA(INDEX(Table6[Column1],MATCH(vatnvat16[[#This Row],[VAT/NVAT]],Table6[VAT/NVAT],0)),"")) -> 0.05
A200: 143-430-620-000 | B200: PRIORITY TRADING | D200: WI640 | E200: =(_xlfn.IFNA(INDEX(Table2[Column1],MATCH(g_s_15[[#This Row],[GOODS/SERVICE]],Table2[GOODS/SERVICE],0)),"")) -> 0.01 | F200: WV010 | G200: =(_xlfn.IFNA(INDEX(Table6[Column1],MATCH(vatnvat16[[#This Row],[VAT/NVAT]],Table6[VAT/NVAT],0)),"")) -> 0.05
A201: 000-292-468-0156 | B201: PRYCEGASES INC | D201: WC640 | E201: =(_xlfn.IFNA(INDEX(Table2[Column1],MATCH(g_s_15[[#This Row],[GOODS/SERVICE]],Table2[GOODS/SERVICE],0)),"")) -> 0.01 | F201: WV010 | G201: =(_xlfn.IFNA(INDEX(Table6[Column1],MATCH(vatnvat16[[#This Row],[VAT/NVAT]],Table6[VAT/NVAT],0)),"")) -> 0.05
A202: 185-119-840-0000 | B202: QUEEN LOIS CATERING SERVICES | D202: WI640 | E202: =(_xlfn.IFNA(INDEX(Table2[Column1],MATCH(g_s_15[[#This Row],[GOODS/SERVICE]],Table2[GOODS/SERVICE],0)),"")) -> 0.01 | F202: WV020 | G202: =(_xlfn.IFNA(INDEX(Table6[Column1],MATCH(vatnvat16[[#This Row],[VAT/NVAT]],Table6[VAT/NVAT],0)),"")) -> 0.05
A203: 005-829-034-0000 | B203: QUEEN MARGARETTE HOTEL INC | D203: WC157 | E203: =(_xlfn.IFNA(INDEX(Table2[Column1],MATCH(g_s_15[[#This Row],[GOODS/SERVICE]],Table2[GOODS/SERVICE],0)),"")) -> 0.02 | F203: WV020 | G203: =(_xlfn.IFNA(INDEX(Table6[Column1],MATCH(vatnvat16[[#This Row],[VAT/NVAT]],Table6[VAT/NVAT],0)),"")) -> 0.05
A204: 157-305-985-0000 | B204: R MINI MART AND GENERAL MERCHANDISE | D204: WI640 | E204: =(_xlfn.IFNA(INDEX(Table2[Column1],MATCH(g_s_15[[#This Row],[GOODS/SERVICE]],Table2[GOODS/SERVICE],0)),"")) -> 0.01 | F204: WV010 | G204: =(_xlfn.IFNA(INDEX(Table6[Column1],MATCH(vatnvat16[[#This Row],[VAT/NVAT]],Table6[VAT/NVAT],0)),"")) -> 0.05
A205: 287-107-412-0000 | B205: R. CABUYAO LPG TRADING | D205: WI640 | E205: =(_xlfn.IFNA(INDEX(Table2[Column1],MATCH(g_s_15[[#This Row],[GOODS/SERVICE]],Table2[GOODS/SERVICE],0)),"")) -> 0.01 | F205: WB080 | G205: =(_xlfn.IFNA(INDEX(Table6[Column1],MATCH(vatnvat16[[#This Row],[VAT/NVAT]],Table6[VAT/NVAT],0)),"")) -> 0.03
A206: 438-748-798-0010 | B206: RAGING BULL MOTORCYCLE PARTS AND ACCESSORIES SHOP | D206: WI640 | E206: =(_xlfn.IFNA(INDEX(Table2[Column1],MATCH(g_s_15[[#This Row],[GOODS/SERVICE]],Table2[GOODS/SERVICE],0)),"")) -> 0.01 | F206: WB080 | G206: =(_xlfn.IFNA(INDEX(Table6[Column1],MATCH(vatnvat16[[#This Row],[VAT/NVAT]],Table6[VAT/NVAT],0)),"")) -> 0.03
A207: 473-671-240-0000 | B207: RAMEA OFFICE SUPPLIES AND EQUIPMENT TRADING | D207: WI640 | E207: =(_xlfn.IFNA(INDEX(Table2[Column1],MATCH(g_s_15[[#This Row],[GOODS/SERVICE]],Table2[GOODS/SERVICE],0)),"")) -> 0.01 | F207: WV010 | G207: =(_xlfn.IFNA(INDEX(Table6[Column1],MATCH(vatnvat16[[#This Row],[VAT/NVAT]],Table6[VAT/NVAT],0)),"")) -> 0.05
A208: 417-187-981-0020 | B208: RAYDEON TECH COMPUTER TRADING | D208: WI640 | E208: =(_xlfn.IFNA(INDEX(Table2[Column1],MATCH(g_s_15[[#This Row],[GOODS/SERVICE]],Table2[GOODS/SERVICE],0)),"")) -> 0.01 | F208: WB080 | G208: =(_xlfn.IFNA(INDEX(Table6[Column1],MATCH(vatnvat16[[#This Row],[VAT/NVAT]],Table6[VAT/NVAT],0)),"")) -> 0.03
... A229: 207-961-175-0000 | B229: SANFORD MARKETING CORPORATION | D229: WC640 | E229: =(_xlfn.IFNA(INDEX(Table2[Column1],MATCH(g_s_15[[#This Row],[GOODS/SERVICE]],Table2[GOODS/SERVICE],0)),"")) -> 0.01 | F229: WV010 | G229: =(_xlfn.IFNA(INDEX(Table6[Column1],MATCH(vatnvat16[[#This Row],[VAT/NVAT]],Table6[VAT/NVAT],0)),"")) -> 0.05
A230: 938-796-735-0000 | B230: SARHA A. BAUTISTA | D230: WI080 | E230: =(_xlfn.IFNA(INDEX(Table2[Column1],MATCH(g_s_15[[#This Row],[GOODS/SERVICE]],Table2[GOODS/SERVICE],0)),"")) -> 0.05 | G230: =(_xlfn.IFNA(INDEX(Table6[Column1],MATCH(vatnvat16[[#This Row],[VAT/NVAT]],Table6[VAT/NVAT],0)),""))
A231: 925-109-985-0000 | B231: SASGIE GENERAL MERCHANDISE | D231: WI157 | E231: =(_xlfn.IFNA(INDEX(Table2[Column1],MATCH(g_s_15[[#This Row],[GOODS/SERVICE]],Table2[GOODS/SERVICE],0)),"")) -> 0.02 | F231: WV020 | G231: =(_xlfn.IFNA(INDEX(Table6[Column1],MATCH(vatnvat16[[#This Row],[VAT/NVAT]],Table6[VAT/NVAT],0)),"")) -> 0.05
A232: 254-001-309-0001 | B232: SCONES AND MUFFINS BAKESHOP | D232: WI640 | E232: =(_xlfn.IFNA(INDEX(Table2[Column1],MATCH(g_s_15[[#This Row],[GOODS/SERVICE]],Table2[GOODS/SERVICE],0)),"")) -> 0.01 | F232: WV010 | G232: =(_xlfn.IFNA(INDEX(Table6[Column1],MATCH(vatnvat16[[#This Row],[VAT/NVAT]],Table6[VAT/NVAT],0)),"")) -> 0.05
A233: 200-826-008-0000 | B233: SHARKMAN AGRO-INDUSTRIAL ENTERPRISE | D233: WI640 | E233: =(_xlfn.IFNA(INDEX(Table2[Column1],MATCH(g_s_15[[#This Row],[GOODS/SERVICE]],Table2[GOODS/SERVICE],0)),"")) -> 0.01 | F233: WV010 | G233: =(_xlfn.IFNA(INDEX(Table6[Column1],MATCH(vatnvat16[[#This Row],[VAT/NVAT]],Table6[VAT/NVAT],0)),"")) -> 0.05
A234: 010-443-073-0010 | B234: SIO F.M.S. CORP. | D234: WC640 | E234: =(_xlfn.IFNA(INDEX(Table2[Column1],MATCH(g_s_15[[#This Row],[GOODS/SERVICE]],Table2[GOODS/SERVICE],0)),"")) -> 0.01 | F234: WV010 | G234: =(_xlfn.IFNA(INDEX(Table6[Column1],MATCH(vatnvat16[[#This Row],[VAT/NVAT]],Table6[VAT/NVAT],0)),"")) -> 0.05
A235: 928-344-320-0000 | B235: SLINK TRADING / ALEX L. OBNAMIA | D235: WI640 | E235: =(_xlfn.IFNA(INDEX(Table2[Column1],MATCH(g_s_15[[#This Row],[GOODS/SERVICE]],Table2[GOODS/SERVICE],0)),"")) -> 0.01 | F235: WV010 | G235: =(_xlfn.IFNA(INDEX(Table6[Column1],MATCH(vatnvat16[[#This Row],[VAT/NVAT]],Table6[VAT/NVAT],0)),"")) -> 0.05
A236: 908-774-389-0000 | B236: SORIANO EXCAVATION AND PLUMBING SERVICES | D236: WI157 | E236: =(_xlfn.IFNA(INDEX(Table2[Column1],MATCH(g_s_15[[#This Row],[GOODS/SERVICE]],Table2[GOODS/SERVICE],0)),"")) -> 0.02 | F236: WB080 | G236: =(_xlfn.IFNA(INDEX(Table6[Column1],MATCH(vatnvat16[[#This Row],[VAT/NVAT]],Table6[VAT/NVAT],0)),"")) -> 0.03
A237: 940-503-249-0000 | B237: SOUTH WEST NORTH PRINTING SERVICES | D237: WI640 | E237: =(_xlfn.IFNA(INDEX(Table2[Column1],MATCH(g_s_15[[#This Row],[GOODS/SERVICE]],Table2[GOODS/SERVICE],0)),"")) -> 0.01 | F237: WB080 | G237: =(_xlfn.IFNA(INDEX(Table6[Column1],MATCH(vatnvat16[[#This Row],[VAT/NVAT]],Table6[VAT/NVAT],0)),"")) -> 0.03
A238: 477-814-844-0005 | B238: SOUTHERN IMPERIAL APPLIANCE PLAZA | D238: WI640 | E238: =(_xlfn.IFNA(INDEX(Table2[Column1],MATCH(g_s_15[[#This Row],[GOODS/SERVICE]],Table2[GOODS/SERVICE],0)),"")) -> 0.01 | F238: WV020 | G238: =(_xlfn.IFNA(INDEX(Table6[Column1],MATCH(vatnvat16[[#This Row],[VAT/NVAT]],Table6[VAT/NVAT],0)),"")) -> 0.05
A239: 927-056-818-0000 | B239: ST GABRIEL GLASS AND ALUMINUM SUPPLY | D239: WI640 | E239: =(_xlfn.IFNA(INDEX(Table2[Column1],MATCH(g_s_15[[#This Row],[GOODS/SERVICE]],Table2[GOODS/SERVICE],0)),"")) -> 0.01 | F239: WB080 | G239: =(_xlfn.IFNA(INDEX(Table6[Column1],MATCH(vatnvat16[[#This Row],[VAT/NVAT]],Table6[VAT/NVAT],0)),"")) -> 0.03
A240: 000-639-441-0013 | B240: ST JUDE MULTI PURPOSE COOPERATIVE | D240: WI157 | E240: =(_xlfn.IFNA(INDEX(Table2[Column1],MATCH(g_s_15[[#This Row],[GOODS/SERVICE]],Table2[GOODS/SERVICE],0)),"")) -> 0.02 | F240: WB080 | G240: =(_xlfn.IFNA(INDEX(Table6[Column1],MATCH(vatnvat16[[#This Row],[VAT/NVAT]],Table6[VAT/NVAT],0)),"")) -> 0.03
A241: 927-056-818-000 | B241: ST. GABRIEL GLASS & ALUMINUM SUPPLY | D241: WI640 | E241: =(_xlfn.IFNA(INDEX(Table2[Column1],MATCH(g_s_15[[#This Row],[GOODS/SERVICE]],Table2[GOODS/SERVICE],0)),"")) -> 0.01 | F241: WB080 | G241: =(_xlfn.IFNA(INDEX(Table6[Column1],MATCH(vatnvat16[[#This Row],[VAT/NVAT]],Table6[VAT/NVAT],0)),"")) -> 0.03
A242: 000-086-204-0000 | B242: STAR APPLIANCE CENTER INC | D242: WC640 | E242: =(_xlfn.IFNA(INDEX(Table2[Column1],MATCH(g_s_15[[#This Row],[GOODS/SERVICE]],Table2[GOODS/SERVICE],0)),"")) -> 0.01 | F242: WV010 | G242: =(_xlfn.IFNA(INDEX(Table6[Column1],MATCH(vatnvat16[[#This Row],[VAT/NVAT]],Table6[VAT/NVAT],0)),"")) -> 0.05
... A277: 600-894-913-0000 | B277: SLR INFORMATION TECHNOLOGY SOLUTIONS | D277: WI157 | E277: =(_xlfn.IFNA(INDEX(Table2[Column1],MATCH(g_s_15[[#This Row],[GOODS/SERVICE]],Table2[GOODS/SERVICE],0)),"")) -> 0.02 | F277: WB080 | G277: =(_xlfn.IFNA(INDEX(Table6[Column1],MATCH(vatnvat16[[#This Row],[VAT/NVAT]],Table6[VAT/NVAT],0)),"")) -> 0.03
A279: TIN Number | B279: NAME OF PAYEE | C279: Column1 | D279: GOODS/SERVICE | E279: Column2 | F279: VAT/NVAT | G279: Column3
A280: NA | B280: PLDT INC | E280: =(_xlfn.IFNA(INDEX(Table2[Column1],MATCH(newSupply[[#This Row],[GOODS/SERVICE]],Table2[GOODS/SERVICE],0)),"")) | G280: =(_xlfn.IFNA(INDEX(Table6[Column1],MATCH(newSupply[[#This Row],[VAT/NVAT]],Table6[VAT/NVAT],0)),"")) | J280: Legend: | Z280: Legend:
A281: 265-068-049-0000 | B281: QUADCORE ELECTRICAL INSTALLATION SERVICES | D281: WC157 | E281: =(_xlfn.IFNA(INDEX(Table2[Column1],MATCH(newSupply[[#This Row],[GOODS/SERVICE]],Table2[GOODS/SERVICE],0)),"")) -> 0.02 | F281: WB080 | G281: =(_xlfn.IFNA(INDEX(Table6[Column1],MATCH(newSupply[[#This Row],[VAT/NVAT]],Table6[VAT/NVAT],0)),"")) -> 0.03 | J281: #VALUE! | Z281: GOODS/SERVICE | AA281: Equivalent | AB281: Percent
A282: 725-397-437-0000 | B282: KOREYUM'S FOOD SERVICES | D282: WC157 | E282: =(_xlfn.IFNA(INDEX(Table2[Column1],MATCH(newSupply[[#This Row],[GOODS/SERVICE]],Table2[GOODS/SERVICE],0)),"")) -> 0.02 | F282: WB080 | G282: =(_xlfn.IFNA(INDEX(Table6[Column1],MATCH(newSupply[[#This Row],[VAT/NVAT]],Table6[VAT/NVAT],0)),"")) -> 0.03 | Z282: WC120 | AA282: Contracto/Infra | AB282: 0.02
B283: LORYNEL C. DE SAGUN | E283: =(_xlfn.IFNA(INDEX(Table2[Column1],MATCH(newSupply[[#This Row],[GOODS/SERVICE]],Table2[GOODS/SERVICE],0)),"")) | G283: =(_xlfn.IFNA(INDEX(Table6[Column1],MATCH(newSupply[[#This Row],[VAT/NVAT]],Table6[VAT/NVAT],0)),"")) | Z283: WC157 | AB283: 0.02
E284: =(_xlfn.IFNA(INDEX(Table2[Column1],MATCH(newSupply[[#This Row],[GOODS/SERVICE]],Table2[GOODS/SERVICE],0)),"")) | G284: =(_xlfn.IFNA(INDEX(Table6[Column1],MATCH(newSupply[[#This Row],[VAT/NVAT]],Table6[VAT/NVAT],0)),"")) | Z284: WC640 | AB284: 0.01
E285: =(_xlfn.IFNA(INDEX(Table2[Column1],MATCH(newSupply[[#This Row],[GOODS/SERVICE]],Table2[GOODS/SERVICE],0)),"")) | G285: =(_xlfn.IFNA(INDEX(Table6[Column1],MATCH(newSupply[[#This Row],[VAT/NVAT]],Table6[VAT/NVAT],0)),"")) | Z285: WI080 | AB285: 0.05
E286: =(_xlfn.IFNA(INDEX(Table2[Column1],MATCH(newSupply[[#This Row],[GOODS/SERVICE]],Table2[GOODS/SERVICE],0)),"")) | G286: =(_xlfn.IFNA(INDEX(Table6[Column1],MATCH(newSupply[[#This Row],[VAT/NVAT]],Table6[VAT/NVAT],0)),"")) | Z286: WI100 | AB286: 0.05
...

Sheet SOE_per fund
A1: Republic of the Philippines Department of Education REGION IV-A CALABARZON CITY SCH OOLS D IVISION OF TH E CITY OF TAYABAS
A4: SUMMARY OF EXPENDITURES
D5: For the month of : | G5: =IF('Data Entry'!C6="","[MMM,DD,YYYY]",'Data Entry'!C6) -> [MMM,DD,YYYY]
A8: NAME OF SCHOOL : | B8: =UPPER('Data Entry'!C3)
A9: SCHOOL I.D. :
A12: ACCOUNT TITLE | B12: PILLARS | C12: P/P/As | D12: PAYEE | G12: VAT or Non-VAT | H12: GROSS AMOUNT | I12: Primsewater | J12: 2%-Meralco | K12: 5%-Meralco | L12: 0.01 | M12: 0.02 | N12: 0.03 | O12: 0.05 | P12: TOTAL W/TAX | Q12: NET AMOUNT
E13: =IFERROR(INDEX(Column1,MATCH(D13,Payee,0)),"") | F13: =IFERROR(INDEX(ColumnVAT,MATCH(D13,Payee,0)),"") | G13: =_xlfn.IFNA(INDEX(Table610[VAT/NVAT],MATCH(F13,Table610[Column1])),"") | L13: =IF(D13="MERALCO", "", _xlfn.IFNA(IF(E13=one,ROUND((IF(G13="VAT",H13/1.12,H13))*one,2),""),"")) | M13: =IF(D13="MERALCO",_xlfn.IFNA(IF(E13=two,ROUND(J13*two,2),""),""),_xlfn.IFNA(IF(E13=two,ROUND((IF(G13="VAT",H13/1.12,H13))*two,2),""),"")) | N13: =IF(D13="MERALCO", "", _xlfn.IFNA(IF(F13=three,ROUND((IF(G13="VAT",H13/1.12,H13))*three,3),""),"")) | O13: =IF(D13="MERALCO",_xlfn.IFNA(IF(E13=five,ROUND(RK13*five,3),""),""),_xlfn.IFNA(IF(F13=five,ROUND((IF(G13="VAT",H13/1.12,H13))*five,3),""),"")) | P13: =ROUND(SUM(L13,M13,N13,O13),2) -> 0 | Q13: =ROUND(+H13-P13,2) -> 0 | R13: =IFERROR(MATCH(G13,#REF!,0),"")
E14: =IFERROR(INDEX(Column1,MATCH(D14,Payee,0)),"") | F14: =IFERROR(INDEX(ColumnVAT,MATCH(D14,Payee,0)),"") | G14: =_xlfn.IFNA(INDEX(Table610[VAT/NVAT],MATCH(F14,Table610[Column1])),"") | L14: =IF(D14="MERALCO", "", _xlfn.IFNA(IF(E14=one,ROUND((IF(G14="VAT",H14/1.12,H14))*one,2),""),"")) | M14: =IF(D14="MERALCO",_xlfn.IFNA(IF(E14=two,ROUND(J14*two,2),""),""),_xlfn.IFNA(IF(E14=two,ROUND((IF(G14="VAT",H14/1.12,H14))*two,2),""),"")) | N14: =IF(D14="MERALCO", "", _xlfn.IFNA(IF(F14=three,ROUND((IF(G14="VAT",H14/1.12,H14))*three,3),""),"")) | O14: =IF(D14="MERALCO",_xlfn.IFNA(IF(E14=five,ROUND(RK14*five,3),""),""),_xlfn.IFNA(IF(F14=five,ROUND((IF(G14="VAT",H14/1.12,H14))*five,3),""),"")) | P14: =ROUND(SUM(L14,M14,N14,O14),2) -> 0 | Q14: =ROUND(+H14-P14,2) -> 0 | R14: =IFERROR(MATCH(G14,#REF!,0),"")
E15: =IFERROR(INDEX(Column1,MATCH(D15,Payee,0)),"") | F15: =IFERROR(INDEX(ColumnVAT,MATCH(D15,Payee,0)),"") | G15: =_xlfn.IFNA(INDEX(Table610[VAT/NVAT],MATCH(F15,Table610[Column1])),"") | L15: =IF(D15="MERALCO", "", _xlfn.IFNA(IF(E15=one,ROUND((IF(G15="VAT",H15/1.12,H15))*one,2),""),"")) | M15: =IF(D15="MERALCO",_xlfn.IFNA(IF(E15=two,ROUND(J15*two,2),""),""),_xlfn.IFNA(IF(E15=two,ROUND((IF(G15="VAT",H15/1.12,H15))*two,2),""),"")) | N15: =IF(D15="MERALCO", "", _xlfn.IFNA(IF(F15=three,ROUND((IF(G15="VAT",H15/1.12,H15))*three,3),""),"")) | O15: =IF(D15="MERALCO",_xlfn.IFNA(IF(E15=five,ROUND(RK15*five,3),""),""),_xlfn.IFNA(IF(F15=five,ROUND((IF(G15="VAT",H15/1.12,H15))*five,3),""),"")) | P15: =ROUND(SUM(L15,M15,N15,O15),2) -> 0 | Q15: =ROUND(+H15-P15,2) -> 0 | R15: =IFERROR(MATCH(G15,#REF!,0),"")
E16: =IFERROR(INDEX(Column1,MATCH(D16,Payee,0)),"") | F16: =IFERROR(INDEX(ColumnVAT,MATCH(D16,Payee,0)),"") | G16: =_xlfn.IFNA(INDEX(Table610[VAT/NVAT],MATCH(F16,Table610[Column1])),"") | L16: =IF(D16="MERALCO", "", _xlfn.IFNA(IF(E16=one,ROUND((IF(G16="VAT",H16/1.12,H16))*one,2),""),"")) | M16: =IF(D16="MERALCO",_xlfn.IFNA(IF(E16=two,ROUND(J16*two,2),""),""),_xlfn.IFNA(IF(E16=two,ROUND((IF(G16="VAT",H16/1.12,H16))*two,2),""),"")) | N16: =IF(D16="MERALCO", "", _xlfn.IFNA(IF(F16=three,ROUND((IF(G16="VAT",H16/1.12,H16))*three,3),""),"")) | O16: =IF(D16="MERALCO",_xlfn.IFNA(IF(E16=five,ROUND(RK16*five,3),""),""),_xlfn.IFNA(IF(F16=five,ROUND((IF(G16="VAT",H16/1.12,H16))*five,3),""),"")) | P16: =ROUND(SUM(L16,M16,N16,O16),2) -> 0 | Q16: =ROUND(+H16-P16,2) -> 0 | R16: =IFERROR(MATCH(G16,#REF!,0),"")
E17: =IFERROR(INDEX(Column1,MATCH(D17,Payee,0)),"") | F17: =IFERROR(INDEX(ColumnVAT,MATCH(D17,Payee,0)),"") | G17: =_xlfn.IFNA(INDEX(Table610[VAT/NVAT],MATCH(F17,Table610[Column1])),"") | L17: =IF(D17="MERALCO", "", _xlfn.IFNA(IF(E17=one,ROUND((IF(G17="VAT",H17/1.12,H17))*one,2),""),"")) | M17: =IF(D17="MERALCO",_xlfn.IFNA(IF(E17=two,ROUND(J17*two,2),""),""),_xlfn.IFNA(IF(E17=two,ROUND((IF(G17="VAT",H17/1.12,H17))*two,2),""),"")) | N17: =IF(D17="MERALCO", "", _xlfn.IFNA(IF(F17=three,ROUND((IF(G17="VAT",H17/1.12,H17))*three,3),""),"")) | O17: =IF(D17="MERALCO",_xlfn.IFNA(IF(E17=five,ROUND(RK17*five,3),""),""),_xlfn.IFNA(IF(F17=five,ROUND((IF(G17="VAT",H17/1.12,H17))*five,3),""),"")) | P17: =ROUND(SUM(L17,M17,N17,O17),2) -> 0 | Q17: =ROUND(+H17-P17,2) -> 0 | R17: =IFERROR(MATCH(G17,#REF!,0),"")
E18: =IFERROR(INDEX(Column1,MATCH(D18,Payee,0)),"") | F18: =IFERROR(INDEX(ColumnVAT,MATCH(D18,Payee,0)),"") | G18: =_xlfn.IFNA(INDEX(Table610[VAT/NVAT],MATCH(F18,Table610[Column1])),"") | L18: =IF(D18="MERALCO", "", _xlfn.IFNA(IF(E18=one,ROUND((IF(G18="VAT",H18/1.12,H18))*one,2),""),"")) | M18: =IF(D18="MERALCO",_xlfn.IFNA(IF(E18=two,ROUND(J18*two,2),""),""),_xlfn.IFNA(IF(E18=two,ROUND((IF(G18="VAT",H18/1.12,H18))*two,2),""),"")) | N18: =IF(D18="MERALCO", "", _xlfn.IFNA(IF(F18=three,ROUND((IF(G18="VAT",H18/1.12,H18))*three,3),""),"")) | O18: =IF(D18="MERALCO",_xlfn.IFNA(IF(E18=five,ROUND(RK18*five,3),""),""),_xlfn.IFNA(IF(F18=five,ROUND((IF(G18="VAT",H18/1.12,H18))*five,3),""),"")) | P18: =ROUND(SUM(L18,M18,N18,O18),2) -> 0 | Q18: =ROUND(+H18-P18,2) -> 0 | R18: =IFERROR(MATCH(G18,#REF!,0),"")
E19: =IFERROR(INDEX(Column1,MATCH(D19,Payee,0)),"") | F19: =IFERROR(INDEX(ColumnVAT,MATCH(D19,Payee,0)),"") | G19: =_xlfn.IFNA(INDEX(Table610[VAT/NVAT],MATCH(F19,Table610[Column1])),"") | L19: =IF(D19="MERALCO", "", _xlfn.IFNA(IF(E19=one,ROUND((IF(G19="VAT",H19/1.12,H19))*one,2),""),"")) | M19: =IF(D19="MERALCO",_xlfn.IFNA(IF(E19=two,ROUND(J19*two,2),""),""),_xlfn.IFNA(IF(E19=two,ROUND((IF(G19="VAT",H19/1.12,H19))*two,2),""),"")) | N19: =IF(D19="MERALCO", "", _xlfn.IFNA(IF(F19=three,ROUND((IF(G19="VAT",H19/1.12,H19))*three,3),""),"")) | O19: =IF(D19="MERALCO",_xlfn.IFNA(IF(E19=five,ROUND(RK19*five,3),""),""),_xlfn.IFNA(IF(F19=five,ROUND((IF(G19="VAT",H19/1.12,H19))*five,3),""),"")) | P19: =ROUND(SUM(L19,M19,N19,O19),2) -> 0 | Q19: =ROUND(+H19-P19,2) -> 0 | R19: =IFERROR(MATCH(G19,#REF!,0),"")
E20: =IFERROR(INDEX(Column1,MATCH(D20,Payee,0)),"") | F20: =IFERROR(INDEX(ColumnVAT,MATCH(D20,Payee,0)),"") | G20: =_xlfn.IFNA(INDEX(Table610[VAT/NVAT],MATCH(F20,Table610[Column1])),"") | L20: =IF(D20="MERALCO", "", _xlfn.IFNA(IF(E20=one,ROUND((IF(G20="VAT",H20/1.12,H20))*one,2),""),"")) | M20: =IF(D20="MERALCO",_xlfn.IFNA(IF(E20=two,ROUND(J20*two,2),""),""),_xlfn.IFNA(IF(E20=two,ROUND((IF(G20="VAT",H20/1.12,H20))*two,2),""),"")) | N20: =IF(D20="MERALCO", "", _xlfn.IFNA(IF(F20=three,ROUND((IF(G20="VAT",H20/1.12,H20))*three,3),""),"")) | O20: =IF(D20="MERALCO",_xlfn.IFNA(IF(E20=five,ROUND(RK20*five,3),""),""),_xlfn.IFNA(IF(F20=five,ROUND((IF(G20="VAT",H20/1.12,H20))*five,3),""),"")) | P20: =ROUND(SUM(L20,M20,N20,O20),2) -> 0 | Q20: =ROUND(+H20-P20,2) -> 0 | R20: =IFERROR(MATCH(G20,#REF!,0),"")
E21: =IFERROR(INDEX(Column1,MATCH(D21,Payee,0)),"") | F21: =IFERROR(INDEX(ColumnVAT,MATCH(D21,Payee,0)),"") | G21: =_xlfn.IFNA(INDEX(Table610[VAT/NVAT],MATCH(F21,Table610[Column1])),"") | L21: =IF(D21="MERALCO", "", _xlfn.IFNA(IF(E21=one,ROUND((IF(G21="VAT",H21/1.12,H21))*one,2),""),"")) | M21: =IF(D21="MERALCO",_xlfn.IFNA(IF(E21=two,ROUND(J21*two,2),""),""),_xlfn.IFNA(IF(E21=two,ROUND((IF(G21="VAT",H21/1.12,H21))*two,2),""),"")) | N21: =IF(D21="MERALCO", "", _xlfn.IFNA(IF(F21=three,ROUND((IF(G21="VAT",H21/1.12,H21))*three,3),""),"")) | O21: =IF(D21="MERALCO",_xlfn.IFNA(IF(E21=five,ROUND(RK21*five,3),""),""),_xlfn.IFNA(IF(F21=five,ROUND((IF(G21="VAT",H21/1.12,H21))*five,3),""),"")) | P21: =ROUND(SUM(L21,M21,N21,O21),2) -> 0 | Q21: =ROUND(+H21-P21,2) -> 0 | R21: =IFERROR(MATCH(G21,#REF!,0),"")
E22: =IFERROR(INDEX(Column1,MATCH(D22,Payee,0)),"") | F22: =IFERROR(INDEX(ColumnVAT,MATCH(D22,Payee,0)),"") | G22: =_xlfn.IFNA(INDEX(Table610[VAT/NVAT],MATCH(F22,Table610[Column1])),"") | L22: =IF(D22="MERALCO", "", _xlfn.IFNA(IF(E22=one,ROUND((IF(G22="VAT",H22/1.12,H22))*one,2),""),"")) | M22: =IF(D22="MERALCO",_xlfn.IFNA(IF(E22=two,ROUND(J22*two,2),""),""),_xlfn.IFNA(IF(E22=two,ROUND((IF(G22="VAT",H22/1.12,H22))*two,2),""),"")) | N22: =IF(D22="MERALCO", "", _xlfn.IFNA(IF(F22=three,ROUND((IF(G22="VAT",H22/1.12,H22))*three,3),""),"")) | O22: =IF(D22="MERALCO",_xlfn.IFNA(IF(E22=five,ROUND(RK22*five,3),""),""),_xlfn.IFNA(IF(F22=five,ROUND((IF(G22="VAT",H22/1.12,H22))*five,3),""),"")) | P22: =ROUND(SUM(L22,M22,N22,O22),2) -> 0 | Q22: =ROUND(+H22-P22,2) -> 0 | R22: =IFERROR(MATCH(G22,#REF!,0),"")
E23: =IFERROR(INDEX(Column1,MATCH(D23,Payee,0)),"") | F23: =IFERROR(INDEX(ColumnVAT,MATCH(D23,Payee,0)),"") | G23: =_xlfn.IFNA(INDEX(Table610[VAT/NVAT],MATCH(F23,Table610[Column1])),"") | L23: =IF(D23="MERALCO", "", _xlfn.IFNA(IF(E23=one,ROUND((IF(G23="VAT",H23/1.12,H23))*one,2),""),"")) | M23: =IF(D23="MERALCO",_xlfn.IFNA(IF(E23=two,ROUND(J23*two,2),""),""),_xlfn.IFNA(IF(E23=two,ROUND((IF(G23="VAT",H23/1.12,H23))*two,2),""),"")) | N23: =IF(D23="MERALCO", "", _xlfn.IFNA(IF(F23=three,ROUND((IF(G23="VAT",H23/1.12,H23))*three,3),""),"")) | O23: =IF(D23="MERALCO",_xlfn.IFNA(IF(E23=five,ROUND(RK23*five,3),""),""),_xlfn.IFNA(IF(F23=five,ROUND((IF(G23="VAT",H23/1.12,H23))*five,3),""),"")) | P23: =ROUND(SUM(L23,M23,N23,O23),2) -> 0 | Q23: =ROUND(+H23-P23,2) -> 0 | R23: =IFERROR(MATCH(G23,#REF!,0),"")
E24: =IFERROR(INDEX(Column1,MATCH(D24,Payee,0)),"") | F24: =IFERROR(INDEX(ColumnVAT,MATCH(D24,Payee,0)),"") | G24: =_xlfn.IFNA(INDEX(Table610[VAT/NVAT],MATCH(F24,Table610[Column1])),"") | L24: =IF(D24="MERALCO", "", _xlfn.IFNA(IF(E24=one,ROUND((IF(G24="VAT",H24/1.12,H24))*one,2),""),"")) | M24: =IF(D24="MERALCO",_xlfn.IFNA(IF(E24=two,ROUND(J24*two,2),""),""),_xlfn.IFNA(IF(E24=two,ROUND((IF(G24="VAT",H24/1.12,H24))*two,2),""),"")) | N24: =IF(D24="MERALCO", "", _xlfn.IFNA(IF(F24=three,ROUND((IF(G24="VAT",H24/1.12,H24))*three,3),""),"")) | O24: =IF(D24="MERALCO",_xlfn.IFNA(IF(E24=five,ROUND(RK24*five,3),""),""),_xlfn.IFNA(IF(F24=five,ROUND((IF(G24="VAT",H24/1.12,H24))*five,3),""),"")) | P24: =ROUND(SUM(L24,M24,N24,O24),2) -> 0 | Q24: =ROUND(+H24-P24,2) -> 0 | R24: =IFERROR(MATCH(G24,#REF!,0),"")
... E31: =IFERROR(INDEX(Column1,MATCH(D31,Payee,0)),"") | F31: =IFERROR(INDEX(ColumnVAT,MATCH(D31,Payee,0)),"") | G31: =_xlfn.IFNA(INDEX(Table610[VAT/NVAT],MATCH(F31,Table610[Column1])),"") | L31: =IF(D31="MERALCO", "", _xlfn.IFNA(IF(E31=one,ROUND((IF(G31="VAT",H31/1.12,H31))*one,2),""),"")) | M31: =IF(D31="MERALCO",_xlfn.IFNA(IF(E31=two,ROUND(J31*two,2),""),""),_xlfn.IFNA(IF(E31=two,ROUND((IF(G31="VAT",H31/1.12,H31))*two,2),""),"")) | N31: =IF(D31="MERALCO", "", _xlfn.IFNA(IF(F31=three,ROUND((IF(G31="VAT",H31/1.12,H31))*three,3),""),"")) | O31: =IF(D31="MERALCO",_xlfn.IFNA(IF(E31=five,ROUND(RK31*five,3),""),""),_xlfn.IFNA(IF(F31=five,ROUND((IF(G31="VAT",H31/1.12,H31))*five,3),""),"")) | P31: =ROUND(SUM(L31,M31,N31,O31),2) -> 0 | Q31: =ROUND(+H31-P31,2) -> 0 | R31: =IFERROR(MATCH(G31,#REF!,0),"")
E32: =IFERROR(INDEX(Column1,MATCH(D32,Payee,0)),"") | F32: =IFERROR(INDEX(ColumnVAT,MATCH(D32,Payee,0)),"") | G32: =_xlfn.IFNA(INDEX(Table610[VAT/NVAT],MATCH(F32,Table610[Column1])),"") | L32: =IF(D32="MERALCO", "", _xlfn.IFNA(IF(E32=one,ROUND((IF(G32="VAT",H32/1.12,H32))*one,2),""),"")) | M32: =IF(D32="MERALCO",_xlfn.IFNA(IF(E32=two,ROUND(J32*two,2),""),""),_xlfn.IFNA(IF(E32=two,ROUND((IF(G32="VAT",H32/1.12,H32))*two,2),""),"")) | N32: =IF(D32="MERALCO", "", _xlfn.IFNA(IF(F32=three,ROUND((IF(G32="VAT",H32/1.12,H32))*three,3),""),"")) | O32: =IF(D32="MERALCO",_xlfn.IFNA(IF(E32=five,ROUND(RK32*five,3),""),""),_xlfn.IFNA(IF(F32=five,ROUND((IF(G32="VAT",H32/1.12,H32))*five,3),""),"")) | P32: =ROUND(SUM(L32,M32,N32,O32),2) -> 0 | Q32: =ROUND(+H32-P32,2) -> 0
E33: =IFERROR(INDEX(Column1,MATCH(D33,Payee,0)),"") | F33: =IFERROR(INDEX(ColumnVAT,MATCH(D33,Payee,0)),"") | G33: =_xlfn.IFNA(INDEX(Table610[VAT/NVAT],MATCH(F33,Table610[Column1])),"") | L33: =IF(D33="MERALCO", "", _xlfn.IFNA(IF(E33=one,ROUND((IF(G33="VAT",H33/1.12,H33))*one,2),""),"")) | M33: =IF(D33="MERALCO",_xlfn.IFNA(IF(E33=two,ROUND(J33*two,2),""),""),_xlfn.IFNA(IF(E33=two,ROUND((IF(G33="VAT",H33/1.12,H33))*two,2),""),"")) | N33: =IF(D33="MERALCO", "", _xlfn.IFNA(IF(F33=three,ROUND((IF(G33="VAT",H33/1.12,H33))*three,3),""),"")) | O33: =IF(D33="MERALCO",_xlfn.IFNA(IF(E33=five,ROUND(RK33*five,3),""),""),_xlfn.IFNA(IF(F33=five,ROUND((IF(G33="VAT",H33/1.12,H33))*five,3),""),"")) | P33: =ROUND(SUM(L33,M33,N33,O33),2) -> 0 | Q33: =ROUND(+H33-P33,2) -> 0
E34: =IFERROR(INDEX(Column1,MATCH(D34,Payee,0)),"") | F34: =IFERROR(INDEX(ColumnVAT,MATCH(D34,Payee,0)),"") | G34: =_xlfn.IFNA(INDEX(Table610[VAT/NVAT],MATCH(F34,Table610[Column1])),"") | L34: =IF(D34="MERALCO", "", _xlfn.IFNA(IF(E34=one,ROUND((IF(G34="VAT",H34/1.12,H34))*one,2),""),"")) | M34: =IF(D34="MERALCO",_xlfn.IFNA(IF(E34=two,ROUND(J34*two,2),""),""),_xlfn.IFNA(IF(E34=two,ROUND((IF(G34="VAT",H34/1.12,H34))*two,2),""),"")) | N34: =IF(D34="MERALCO", "", _xlfn.IFNA(IF(F34=three,ROUND((IF(G34="VAT",H34/1.12,H34))*three,3),""),"")) | O34: =IF(D34="MERALCO",_xlfn.IFNA(IF(E34=five,ROUND(RK34*five,3),""),""),_xlfn.IFNA(IF(F34=five,ROUND((IF(G34="VAT",H34/1.12,H34))*five,3),""),"")) | P34: =ROUND(SUM(L34,M34,N34,O34),2) -> 0 | Q34: =ROUND(+H34-P34,2) -> 0
E35: =IFERROR(INDEX(Column1,MATCH(D35,Payee,0)),"") | F35: =IFERROR(INDEX(ColumnVAT,MATCH(D35,Payee,0)),"") | G35: =_xlfn.IFNA(INDEX(Table610[VAT/NVAT],MATCH(F35,Table610[Column1])),"") | L35: =IF(D35="MERALCO", "", _xlfn.IFNA(IF(E35=one,ROUND((IF(G35="VAT",H35/1.12,H35))*one,2),""),"")) | M35: =IF(D35="MERALCO",_xlfn.IFNA(IF(E35=two,ROUND(J35*two,2),""),""),_xlfn.IFNA(IF(E35=two,ROUND((IF(G35="VAT",H35/1.12,H35))*two,2),""),"")) | N35: =IF(D35="MERALCO", "", _xlfn.IFNA(IF(F35=three,ROUND((IF(G35="VAT",H35/1.12,H35))*three,3),""),"")) | O35: =IF(D35="MERALCO",_xlfn.IFNA(IF(E35=five,ROUND(RK35*five,3),""),""),_xlfn.IFNA(IF(F35=five,ROUND((IF(G35="VAT",H35/1.12,H35))*five,3),""),"")) | P35: =ROUND(SUM(L35,M35,N35,O35),2) -> 0 | Q35: =ROUND(+H35-P35,2) -> 0
E36: =IFERROR(INDEX(Column1,MATCH(D36,Payee,0)),"") | F36: =IFERROR(INDEX(ColumnVAT,MATCH(D36,Payee,0)),"") | G36: =_xlfn.IFNA(INDEX(Table610[VAT/NVAT],MATCH(F36,Table610[Column1])),"") | L36: =IF(D36="MERALCO", "", _xlfn.IFNA(IF(E36=one,ROUND((IF(G36="VAT",H36/1.12,H36))*one,2),""),"")) | M36: =IF(D36="MERALCO",_xlfn.IFNA(IF(E36=two,ROUND(J36*two,2),""),""),_xlfn.IFNA(IF(E36=two,ROUND((IF(G36="VAT",H36/1.12,H36))*two,2),""),"")) | N36: =IF(D36="MERALCO", "", _xlfn.IFNA(IF(F36=three,ROUND((IF(G36="VAT",H36/1.12,H36))*three,3),""),"")) | O36: =IF(D36="MERALCO",_xlfn.IFNA(IF(E36=five,ROUND(RK36*five,3),""),""),_xlfn.IFNA(IF(F36=five,ROUND((IF(G36="VAT",H36/1.12,H36))*five,3),""),"")) | P36: =ROUND(SUM(L36,M36,N36,O36),2) -> 0 | Q36: =ROUND(+H36-P36,2) -> 0
E37: =IFERROR(INDEX(Column1,MATCH(D37,Payee,0)),"") | F37: =IFERROR(INDEX(ColumnVAT,MATCH(D37,Payee,0)),"") | G37: =_xlfn.IFNA(INDEX(Table610[VAT/NVAT],MATCH(F37,Table610[Column1])),"") | L37: =IF(D37="MERALCO", "", _xlfn.IFNA(IF(E37=one,ROUND((IF(G37="VAT",H37/1.12,H37))*one,2),""),"")) | M37: =IF(D37="MERALCO",_xlfn.IFNA(IF(E37=two,ROUND(J37*two,2),""),""),_xlfn.IFNA(IF(E37=two,ROUND((IF(G37="VAT",H37/1.12,H37))*two,2),""),"")) | N37: =IF(D37="MERALCO", "", _xlfn.IFNA(IF(F37=three,ROUND((IF(G37="VAT",H37/1.12,H37))*three,3),""),"")) | O37: =IF(D37="MERALCO",_xlfn.IFNA(IF(E37=five,ROUND(RK37*five,3),""),""),_xlfn.IFNA(IF(F37=five,ROUND((IF(G37="VAT",H37/1.12,H37))*five,3),""),"")) | P37: =ROUND(SUM(L37,M37,N37,O37),2) -> 0 | Q37: =ROUND(+H37-P37,2) -> 0
E38: =IFERROR(INDEX(Column1,MATCH(D38,Payee,0)),"") | F38: =IFERROR(INDEX(ColumnVAT,MATCH(D38,Payee,0)),"") | G38: =_xlfn.IFNA(INDEX(Table610[VAT/NVAT],MATCH(F38,Table610[Column1])),"") | L38: =IF(D38="MERALCO", "", _xlfn.IFNA(IF(E38=one,ROUND((IF(G38="VAT",H38/1.12,H38))*one,2),""),"")) | M38: =IF(D38="MERALCO",_xlfn.IFNA(IF(E38=two,ROUND(J38*two,2),""),""),_xlfn.IFNA(IF(E38=two,ROUND((IF(G38="VAT",H38/1.12,H38))*two,2),""),"")) | N38: =IF(D38="MERALCO", "", _xlfn.IFNA(IF(F38=three,ROUND((IF(G38="VAT",H38/1.12,H38))*three,3),""),"")) | O38: =IF(D38="MERALCO",_xlfn.IFNA(IF(E38=five,ROUND(RK38*five,3),""),""),_xlfn.IFNA(IF(F38=five,ROUND((IF(G38="VAT",H38/1.12,H38))*five,3),""),"")) | P38: =ROUND(SUM(L38,M38,N38,O38),2) -> 0 | Q38: =ROUND(+H38-P38,2) -> 0
E39: =IFERROR(INDEX(Column1,MATCH(D39,Payee,0)),"") | F39: =IFERROR(INDEX(ColumnVAT,MATCH(D39,Payee,0)),"") | G39: =_xlfn.IFNA(INDEX(Table610[VAT/NVAT],MATCH(F39,Table610[Column1])),"") | L39: =IF(D39="MERALCO", "", _xlfn.IFNA(IF(E39=one,ROUND((IF(G39="VAT",H39/1.12,H39))*one,2),""),"")) | M39: =IF(D39="MERALCO",_xlfn.IFNA(IF(E39=two,ROUND(J39*two,2),""),""),_xlfn.IFNA(IF(E39=two,ROUND((IF(G39="VAT",H39/1.12,H39))*two,2),""),"")) | N39: =IF(D39="MERALCO", "", _xlfn.IFNA(IF(F39=three,ROUND((IF(G39="VAT",H39/1.12,H39))*three,3),""),"")) | O39: =IF(D39="MERALCO",_xlfn.IFNA(IF(E39=five,ROUND(RK39*five,3),""),""),_xlfn.IFNA(IF(F39=five,ROUND((IF(G39="VAT",H39/1.12,H39))*five,3),""),"")) | P39: =ROUND(SUM(L39,M39,N39,O39),2) -> 0 | Q39: =ROUND(+H39-P39,2) -> 0 | R39: =IFERROR(MATCH(G39,#REF!,0),"")
H40: =SUM(H13:H39) -> 0 | L40: =ROUND(SUM(L13:L39),2) -> 0 | M40: =SUM(M13:M39) -> 0 | N40: =SUM(N13:N39) -> 0 | O40: =SUM(O13:O39) -> 0 | P40: =SUM(P13:P39) -> 0 | Q40: =SUM(Q13:Q39) -> 0
A42: Certified Correct: | D42: Approved By: | L42: Reviewed By:
D44: =UPPER('Data Entry'!C4)
A45: Administrative Officer II | D45: =IF('Data Entry'!C5="","[Designation]",'Data Entry'!C5) -> [Designation] | L45: Personnel in-charge
A47: Date: _________________ | D47: Date: _________________ | L47: Date: _________________

Sheet LR
A2: Appendix 44
A5: LIQUIDATION REPORT | D5: Serial No.: LR-2025
A6: Period Covered : | C6: April 10, 2025 - May 10, 2025 | D6: Date:
A8: Entity Name: | B8: ='SOE_per fund'!B8 | D8: Responsibility Center Code:
A9: Fund Cluster : 01 101 101 | D9: 08-00-0000
A11: PARTICULARS | D11: AMOUNT
A15: To take into account complete liquidation of cash advances for the Regular Elementary School MOOE Fund received for the month of March 2024 as per attached supporting papers made part in this report in the amount of ….............
D18: =C27 -> 0
A24: LIQUIDATED
A25: Gross:
A26: Tax:
A27: Net: | C27: =C25-C26 -> 0
A29: UNLIQUIDATED
A30: Gross:
A31: Tax:
A32: Net:
A50: TOTAL AMOUNT SPENT | D50: =SUM(D18:D32) -> 0
A51: AMOUNT OF CASH ADVANCE PER DV NO. 2022-04-466 DTD. 4/20/2022 | D51: 37443.61
A52: AMOUNT REFUNDED PER OR. NO. DTD. | D52: -
A53: AMOUNT TO BE REIMBURSED | D53: -
A54: A Certified: Correctness of the | C54: Certified: Purpose of travel / | D54: Certified: Supporting documents complete and proper
A55: above data | C55: cash advance duly accomplished
A59: =UPPER('Data Entry'!C4) | C59: CELEDONIO B. BALDERAS JR. | D59: AGNES M. LUZADAS
A60: ='Data Entry'!C5 -> 0 | C60: Schools Division Superintendent | D60: Accountant III
D61: Head, Accounting Division Unit
D62: JEV No.: ___________________
A63: Date: ______________________ | C63: Date: _____________________ | D63: Date: _____________________

Sheet CDR_per fund
B3: CASH DISBURSEMENTS REGISTER
B5: Entity Name: | D5: =UPPER('Data Entry'!C3) | S5: Name of Accountable Officer: | U5: =UPPER('Data Entry'!C4)
B6: Sub-Office/District/Division: CITY SCHOOLS DIVISION | S6: Official Designation: | U6: ='Data Entry'!C5 -> 0
B7: Municipality/City/Province: QUEZON | S7: Station: | T7: =UPPER('Data Entry'!C3)
B8: Fund Cluster : ______________________________________ | S8: Register No. : __________________________________
S9: Sheet No. : ____________________________________
B11: Date | C11: DV No. | D11: Particulars and P/P/As | E11: PILLARS | F11: Advances for Operating Expenses | I11: BREAKDOWN OF PAYMENTS
F12: (19901010)
F13: Amount | U13: O T H E R S
F14: Cash Advance | G14: Payments | H14: Balance | U14: Account Description | V14: UACS Object Code | W14: Amount
I15: =IFERROR(VLOOKUP(I13,UACS!A1:B151,2,FALSE),"") | J15: =IFERROR(VLOOKUP(J13,UACS!A1:B151,2,FALSE),"") | K15: =IFERROR(VLOOKUP(K13,UACS!A1:B151,2,FALSE),"") | L15: =IFERROR(VLOOKUP(L13,UACS!A1:B151,2,FALSE),"") | M15: =IFERROR(VLOOKUP(M13,UACS!A1:B151,2,FALSE),"") | N15: =IFERROR(VLOOKUP(N13,UACS!A1:B151,2,FALSE),"") | O15: =IFERROR(VLOOKUP(O13,UACS!A1:B151,2,FALSE),"") | P15: =IFERROR(VLOOKUP(P13,UACS!A1:B151,2,FALSE),"") | Q15: =IFERROR(VLOOKUP(Q13,UACS!A1:B151,2,FALSE),"") | R15: =IFERROR(VLOOKUP(R13,UACS!A1:B151,2,FALSE),"") | S15: =IFERROR(VLOOKUP(S13,UACS!A1:B151,2,FALSE),"") | T15: =IFERROR(VLOOKUP(T13,UACS!A1:B151,2,FALSE),"")
D16: Balance from previous LR | F16: 0 | H16: 0
D17: Cash Advance | H17: =+H16+F17-G17 -> 0
H18: =+H17+F18-G18 -> 0
H19: =+H18+F19-G19 -> 0
H20: =+H19+F20-G20 -> 0
H21: =+H20+F21-G21 -> 0
H22: =+H21+F22-G22 -> 0
H23: =+H22+F23-G23 -> 0
H24: =+H23+F24-G24 -> 0
H25: =+H24+F25-G25 -> 0
H26: =+H25+F26-G26 -> 0
H27: =+H26+F27-G27 -> 0
H28: =+H27+F28-G28 -> 0
H29: =+H28+F29-G29 -> 0
... H37: =+H36+F37-G37 -> 0
D39: Totals | F39: =SUM(F16:F37) -> 0 | G39: =SUM(G16:G37) -> 0 | H39: =H37 -> 0 | I39: =SUM(I18:I37) -> 0 | J39: =SUM(J18:J37) -> 0 | K39: =SUM(K18:K37) -> 0 | L39: =SUM(L18:L37) -> 0 | M39: =SUM(M18:M37) -> 0 | N39: =SUM(N18:N37) -> 0 | O39: =SUM(O18:O37) -> 0 | P39: =SUM(P18:P37) -> 0 | ... T39: =SUM(T18:T37) -> 0 | W39: =SUM(W18:W37) -> 0
U41: Account Description | V41: UACS Object Code | W41: Amount
U44: Total
I46: The total of the ‘Advances for Operating Expenses – Payments’ column must always be equal to the sum of the totals of the ‘Breakdown of Payments’ columns.
C48: CERTIFIED CORRECT: | J48: RECEIVED BY:
D50: =UPPER('Data Entry'!C4) | S50: FREDERICK M. BULANDOS
D51: ='Data Entry'!C5 -> 0 | S51: Administrative Assistant III
D53: Date: ____________________ | S53: Date: ______________________

Sheet Accounting Name
A1: UACS Name | B1: UACS Code
A2: Basic Salary - Civilian | B2: 5010101001
A3: Salaries & Wages - Casual/Contractual | B3: 5010102000
A4: Salaries & Wages - Substitute Teachers | B4: 5010103000
A5: PERA - Civilian | B5: 5010201001
A6: Representation Allowance | B6: 5010202000
A7: Transportation Allowance | B7: 5010203001
A8: Clothing/Uniform Allowance - Civilian | B8: 5010204001
A9: SA - Magna Carta Benefits for Public Health Worker | B9: 5010205003
A10: LA - Magna Carta Benefits for Public Health Worker | B10: 5010206004
A11: Quarters Allowance - Civilian | B11: 5010207001
A12: Honoraria - Civilian | B12: 5010210001
A13: Hazard Duty Pay - Civilian | B13: 5010211002
... A188: Cash-MDS, Regular | B188: 1010404000

Sheet RCI_per fund
J1: Appendix 41
B4: REPORT OF CHECKS ISSUED
F5: Period Covered: | G5: =LR!C6 -> April 10, 2025 - May 10, 2025
B8: Entity Name: | C8: =UPPER('Data Entry'!C3) | I8: Report No. : ______________
B9: Fund Cluster : 01 | I9: Sheet No. : 1 of
B10: Bank Name/Account No. :
B12: Check | D12: DV/Payroll No. | E12: ORS/ BURS No. | F12: Responsibility Center Code | G12: Payee | H12: UACS Object Code | I12: Nature of Payment | J12: Amount
B13: Date | C13: Serial No.
F14: =IF(B14<>"","08-00-0000","") | H14: =IFERROR(VLOOKUP(I14,UACS,2,FALSE),"")
F15: =IF(B15<>"","08-00-0000","") | H15: =IFERROR(VLOOKUP(I15,UACS,2,FALSE),"")
F16: =IF(B16<>"","08-00-0000","") | H16: =IFERROR(VLOOKUP(I16,UACS,2,FALSE),"")
F17: =IF(B17<>"","08-00-0000","") | H17: =IFERROR(VLOOKUP(I17,UACS,2,FALSE),"")
F18: =IF(B18<>"","08-00-0000","") | H18: =IFERROR(VLOOKUP(I18,UACS,2,FALSE),"")
F19: =IF(B19<>"","08-00-0000","") | H19: =IFERROR(VLOOKUP(I19,UACS,2,FALSE),"")
F20: =IF(B20<>"","08-00-0000","") | H20: =IFERROR(VLOOKUP(I20,UACS,2,FALSE),"")
F21: =IF(B21<>"","08-00-0000","") | H21: =IFERROR(VLOOKUP(I21,UACS,2,FALSE),"")
F22: =IF(B22<>"","08-00-0000","") | H22: =IFERROR(VLOOKUP(I22,UACS,2,FALSE),"")
F23: =IF(B23<>"","08-00-0000","") | H23: =IFERROR(VLOOKUP(I23,UACS,2,FALSE),"")
F24: =IF(B24<>"","08-00-0000","") | H24: =IFERROR(VLOOKUP(I24,UACS,2,FALSE),"")
F25: =IF(B25<>"","08-00-0000","") | H25: =IFERROR(VLOOKUP(I25,UACS,2,FALSE),"")
... F33: =IF(B33<>"","08-00-0000","") | H33: =IFERROR(VLOOKUP(I33,UACS,2,FALSE),"")
J34: =SUM(J14:J33) -> 0
B35: C E R T I F I C A T I O N
B36: I hereby certify on my official oath that this Report of Checks Issued in _________ sheet(s) is a full, true and correct
B37: statement of all checks issued by me during the period stated above for which Check Nos. ___________ to _____________ inclusive,
B38: were actually issued by me in payment for obligations shown in the attached disbursement vouchers/payroll.
B40: =UPPER('Data Entry'!C4)
B41: Name and Signature of Disbursing Officer/Cashier
G42: ='Data Entry'!C5 -> 0 | I42: ______________
G43: Official Designation | I43: Date

Sheet CashDR_all funds_c.o SH
I1: Appendix 40
A4: CASH DISBURSEMENTS RECORD
A5: Period Covered: March 2025
A7: Entity Name : DEPARTMENT OF EDUCATION-SDO TAYABAS CITY
A8: Fund Cluster : 01 | H8: Sheet No. : _________________
A10: =UPPER('Data Entry'!C4) | D10: ='Data Entry'!C5 -> 0 | I10: =UPPER('Data Entry'!C3)
A11: Accountable Officer | D11: Official Designation | I11: Station
A12: Date | B12: Check No. | C12: Payee | E12: UACS Object Code | F12: Nature of Payment | H12: Cash Advance Received/ (Refunded) | I12: Disbursements | J12: Cash Advance Balance
A14: 45717 | C14: Balance Forwarded | E14: =IFERROR(VLOOKUP(F14,UACSTABLE,2,FALSE),"") | H14: 500 | J14: =H14 -> 500
A15: 45727 | C15: Cash Advances | E15: =IFERROR(VLOOKUP(F15,UACSTABLE,2,FALSE),"") | H15: 37443.61 | J15: =J14+H15-I15 -> 37943.61
A16: 45730 | B16: 6670 | C16: LUCKY AT2 AND JI DRY GOODS AND GENERAL MERCHANDISE | E16: =IFERROR(VLOOKUP(F16,UACSTABLE,2,FALSE),"") -> 5020301002 | F16: Office Supplies Expenses | I16: 24264.54 | J16: =J15+H16-I16 -> 13679.07
A17: 45730 | B17: 6671 | C17: LORYNEL C. DE SAGUN | E17: =IFERROR(VLOOKUP(F17,UACSTABLE,2,FALSE),"") -> 5020301002 | F17: Office Supplies Expenses | I17: 480 | J17: =J16+H17-I17 -> 13199.07
A18: 45730 | B18: 6672 | C18: CELEBRITY CABLE NETWORK, INC. | E18: =IFERROR(VLOOKUP(F18,UACSTABLE,2,FALSE),"") -> 5020301002 | F18: Office Supplies Expenses | I18: 1499.07 | J18: =J17+H18-I18 -> 11700
A19: 45730 | B19: 6673 | C19: LORYNEL C. DE SAGUN | E19: =IFERROR(VLOOKUP(F19,UACSTABLE,2,FALSE),"") -> 5020301002 | F19: Office Supplies Expenses | I19: 11200 | J19: =J18+H19-I19 -> 500
E20: =IFERROR(VLOOKUP(F20,UACSTABLE,2,FALSE),"") | J20: =J19+H20-I20 -> 500
E21: =IFERROR(VLOOKUP(F21,UACSTABLE,2,FALSE),"") | J21: =J20+H21-I21 -> 500
E22: =IFERROR(VLOOKUP(F22,UACSTABLE,2,FALSE),"") | J22: =J21+H22-I22 -> 500
E23: =IFERROR(VLOOKUP(F23,UACSTABLE,2,FALSE),"") | J23: =J22+H23-I23 -> 500
E24: =IFERROR(VLOOKUP(F24,UACSTABLE,2,FALSE),"") | J24: =J23+H24-I24 -> 500
E25: =IFERROR(VLOOKUP(F25,UACSTABLE,2,FALSE),"") | J25: =J24+H25-I25 -> 500
E26: =IFERROR(VLOOKUP(F26,UACSTABLE,2,FALSE),"") | J26: =J25+H26-I26 -> 500
E27: =IFERROR(VLOOKUP(F27,UACSTABLE,2,FALSE),"") | J27: =J26+H27-I27 -> 500
E28: =IFERROR(VLOOKUP(F28,UACSTABLE,2,FALSE),"") | J28: =J27+H28-I28 -> 500
E29: =IFERROR(VLOOKUP(F29,UACSTABLE,2,FALSE),"") | J29: =J28+H29-I29 -> 500
E30: =IFERROR(VLOOKUP(F30,UACSTABLE,2,FALSE),"") | J30: =J29+H30-I30 -> 500
E31: =IFERROR(VLOOKUP(F31,UACSTABLE,2,FALSE),"") | J31: =J30+H31-I31 -> 500
... E53: =IFERROR(VLOOKUP(F53,UACSTABLE,2,FALSE),"") | J53: =J52+H53-I53 -> 500
A55: C E R T I F I C A T I O N
B57: I hereby certify on my official oath that the foregoing is a correct and complete record of all cash disbursements had by me in my capacity as ______(Designation)____ of (Name of Agency) during the period from _______________ to _______________,inclusive, as indicated in the corresponding columns.
G63: Name and Signature of Disbursing Officer
G64: ________________
G65: Date

Sheet Sheet1
A1: Column4 | B1: NAME OF PAYEE | C1: Column1 | D1: GOODS/SERVICE | E1: Column2 | F1: VAT/NVAT | G1: Column3 | J1: GOODS/SERVICE | K1: Column1 | L1: VAT/NVAT | M1: Column1 | O1: =IFERROR(__xludf.DUMMYFUNCTION("transpose(sort(unique(K:K),1,true))"),0.01) -> 0.01 | P1: =IFERROR(__xludf.DUMMYFUNCTION("""COMPUTED_VALUE"""),0.02) -> 0.02 | Q1: =IFERROR(__xludf.DUMMYFUNCTION("""COMPUTED_VALUE"""),0.05) -> 0.05 | S1: NVAT | T1: VAT
A2: 268-138-368-0000 | B2: 3CA BUILDERS | D2: WI120 | E2: =(_xlfn.IFNA(INDEX(Table2[Column1],MATCH(D2,Table2[GOODS/SERVICE],0)),"")) -> 0.02 | F2: WV020 | G2: =(_xlfn.IFNA(INDEX(Table6[Column1],MATCH(F2,Table6[VAT/NVAT],TRUE)),"")) -> 0.05 | J2: WC120 | K2: 0.02 | L2: WB080 | M2: 0.03 | O2: =IFERROR(__xludf.DUMMYFUNCTION("filter(J:J,K:K=O1)"),"WC640") -> WC640 | P2: =IFERROR(__xludf.DUMMYFUNCTION("filter(J:J,K:K=P1)"),"WC120") -> WC120 | Q2: =IFERROR(__xludf.DUMMYFUNCTION("filter(J:J,K:K=Q1)"),"WI080") -> WI080 | S2: WB080 | T2: WV020
A3: 928-342-625-0000 | B3: 60 B CYBER STATION | D3: WI640 | E3: =(_xlfn.IFNA(INDEX(Table2[Column1],MATCH(D3,Table2[GOODS/SERVICE],0)),"")) -> 0.01 | F3: WB080 | G3: =(_xlfn.IFNA(INDEX(Table6[Column1],MATCH(F3,Table6[VAT/NVAT],TRUE)),"")) -> 0.03 | J3: WC157 | K3: 0.02 | L3: WV010 | M3: 0.05 | O3: =IFERROR(__xludf.DUMMYFUNCTION("""COMPUTED_VALUE"""),"WI640") -> WI640 | P3: =IFERROR(__xludf.DUMMYFUNCTION("""COMPUTED_VALUE"""),"WC157") -> WC157 | Q3: =IFERROR(__xludf.DUMMYFUNCTION("""COMPUTED_VALUE"""),"WI100") -> WI100 | T3: WV010
A4: 439-989-108-0000 | B4: A.M. PAMPLONA PRINTING SERVICES | D4: WI640 | E4: =(_xlfn.IFNA(INDEX(Table2[Column1],MATCH(D4,Table2[GOODS/SERVICE],0)),"")) -> 0.01 | F4: WB080 | G4: =(_xlfn.IFNA(INDEX(Table6[Column1],MATCH(F4,Table6[VAT/NVAT],TRUE)),"")) -> 0.03 | J4: WC640 | K4: 0.01 | L4: WV020 | M4: 0.05 | P4: =IFERROR(__xludf.DUMMYFUNCTION("""COMPUTED_VALUE"""),"WI120") -> WI120 | Q4: =IFERROR(__xludf.DUMMYFUNCTION("""COMPUTED_VALUE"""),"WI151") -> WI151
A5: 180-240-467-0004 | B5: A.N.N.RESTAURANT | D5: WC157 | E5: =(_xlfn.IFNA(INDEX(Table2[Column1],MATCH(D5,Table2[GOODS/SERVICE],0)),"")) -> 0.02 | F5: WB080 | G5: =(_xlfn.IFNA(INDEX(Table6[Column1],MATCH(F5,Table6[VAT/NVAT],TRUE)),"")) -> 0.03 | J5: WI080 | K5: 0.05 | P5: =IFERROR(__xludf.DUMMYFUNCTION("""COMPUTED_VALUE"""),"WI157") -> WI157 | S5: VAT/NVAT | T5: Column1
A6: 402-125-200-0000 | B6: A2J'S PARTY NEEDS AND T-SHIRT PRINTING SERVICES | D6: WI640 | E6: =(_xlfn.IFNA(INDEX(Table2[Column1],MATCH(D6,Table2[GOODS/SERVICE],0)),"")) -> 0.01 | F6: WB080 | G6: =(_xlfn.IFNA(INDEX(Table6[Column1],MATCH(F6,Table6[VAT/NVAT],TRUE)),"")) -> 0.03 | J6: WI100 | K6: 0.05 | S6: NVAT | T6: 0.03
A7: 000-299-299-0036 | B7: A2J'S PARTY NEEDS AND T-SHIRT PRINTING SERVICES | D7: WC640 | E7: =(_xlfn.IFNA(INDEX(Table2[Column1],MATCH(D7,Table2[GOODS/SERVICE],0)),"")) -> 0.01 | F7: WV010 | G7: =(_xlfn.IFNA(INDEX(Table6[Column1],MATCH(F7,Table6[VAT/NVAT],TRUE)),"")) -> 0.05 | J7: WI120 | K7: 0.02 | S7: VAT | T7: 0.05
A8: 275-548-645-0000 | B8: ABI GRACIAS MARKETING | D8: WI640 | E8: =(_xlfn.IFNA(INDEX(Table2[Column1],MATCH(D8,Table2[GOODS/SERVICE],0)),"")) -> 0.01 | F8: WB080 | G8: =(_xlfn.IFNA(INDEX(Table6[Column1],MATCH(F8,Table6[VAT/NVAT],TRUE)),"")) -> 0.03 | J8: WI157 | K8: 0.02 | S8: VAT | T8: 0.05
A9: 150-501-608-0010 | B9: ABING APARTMENT | D9: WI100 | E9: =(_xlfn.IFNA(INDEX(Table2[Column1],MATCH(D9,Table2[GOODS/SERVICE],0)),"")) -> 0.05 | G9: =(_xlfn.IFNA(INDEX(Table6[Column1],MATCH(F9,Table6[VAT/NVAT],TRUE)),"")) | J9: WI640 | K9: 0.01
A10: 259-438-832-00001 | B10: AC RECIO DEPARTMENT STORE | D10: WI640 | E10: =(_xlfn.IFNA(INDEX(Table2[Column1],MATCH(D10,Table2[GOODS/SERVICE],0)),"")) -> 0.01 | F10: WV010 | G10: =(_xlfn.IFNA(INDEX(Table6[Column1],MATCH(F10,Table6[VAT/NVAT],TRUE)),"")) -> 0.05 | J10: WI151 | K10: 0.05
A11: 200-035-311-0000 | B11: ACE HARDWARE PHILIPPINES, INC. | D11: WC640 | E11: =(_xlfn.IFNA(INDEX(Table2[Column1],MATCH(D11,Table2[GOODS/SERVICE],0)),"")) -> 0.01 | F11: WV010 | G11: =(_xlfn.IFNA(INDEX(Table6[Column1],MATCH(F11,Table6[VAT/NVAT],TRUE)),"")) -> 0.05
A12: 933-335-700-001 | B12: ACNLC TRADING | D12: WI640 | E12: =(_xlfn.IFNA(INDEX(Table2[Column1],MATCH(D12,Table2[GOODS/SERVICE],0)),"")) -> 0.01 | F12: WV010 | G12: =(_xlfn.IFNA(INDEX(Table6[Column1],MATCH(F12,Table6[VAT/NVAT],TRUE)),"")) -> 0.05
A13: 200-470-425-0005 | B13: ACTIVE HEARING CENTER - LUCENA BRANCH | D13: WC157 | E13: =(_xlfn.IFNA(INDEX(Table2[Column1],MATCH(D13,Table2[GOODS/SERVICE],0)),"")) -> 0.02 | F13: WV020 | G13: =(_xlfn.IFNA(INDEX(Table6[Column1],MATCH(F13,Table6[VAT/NVAT],TRUE)),"")) -> 0.05
A14: 909-421-522-0000 | B14: ADOOH-BENG GENERAL MERCHANDISE | D14: WI640 | E14: =(_xlfn.IFNA(INDEX(Table2[Column1],MATCH(D14,Table2[GOODS/SERVICE],0)),"")) -> 0.01 | F14: WV010 | G14: =(_xlfn.IFNA(INDEX(Table6[Column1],MATCH(F14,Table6[VAT/NVAT],TRUE)),"")) -> 0.05
A15: 418-042-016-0000 | B15: AHR GLASS & ALUMINUM SUPPLY & GENERAL MERCHANDISE | D15: WI640 | E15: =(_xlfn.IFNA(INDEX(Table2[Column1],MATCH(D15,Table2[GOODS/SERVICE],0)),"")) -> 0.01 | F15: WV010 | G15: =(_xlfn.IFNA(INDEX(Table6[Column1],MATCH(F15,Table6[VAT/NVAT],TRUE)),"")) -> 0.05
A16: 602-736-408-00000 | B16: AJT ONE ALUMINUM AND GLASS SUPPLY CORP. | D16: WC640 | E16: =(_xlfn.IFNA(INDEX(Table2[Column1],MATCH(D16,Table2[GOODS/SERVICE],0)),"")) -> 0.01 | F16: WV010 | G16: =(_xlfn.IFNA(INDEX(Table6[Column1],MATCH(F16,Table6[VAT/NVAT],TRUE)),"")) -> 0.05
A17: 431-279-751-0000 | B17: AL AND SALY GENERAL MERCHANDISE | D17: WI640 | E17: =(_xlfn.IFNA(INDEX(Table2[Column1],MATCH(D17,Table2[GOODS/SERVICE],0)),"")) -> 0.01 | F17: WB080 | G17: =(_xlfn.IFNA(INDEX(Table6[Column1],MATCH(F17,Table6[VAT/NVAT],TRUE)),"")) -> 0.03
A18: 115-902-248-0000 | B18: AL MAE GENERAL MERCHANDISE | D18: WI640 | E18: =(_xlfn.IFNA(INDEX(Table2[Column1],MATCH(D18,Table2[GOODS/SERVICE],0)),"")) -> 0.01 | F18: WB080 | G18: =(_xlfn.IFNA(INDEX(Table6[Column1],MATCH(F18,Table6[VAT/NVAT],TRUE)),"")) -> 0.03
A19: 272-389-871-0000 | B19: ALAS PHARMACY | D19: WI640 | E19: =(_xlfn.IFNA(INDEX(Table2[Column1],MATCH(D19,Table2[GOODS/SERVICE],0)),"")) -> 0.01 | F19: WB080 | G19: =(_xlfn.IFNA(INDEX(Table6[Column1],MATCH(F19,Table6[VAT/NVAT],TRUE)),"")) -> 0.03
A20: 133-640-468-0000 | B20: ALCOREZA GLASS AND ALUMINUM SUPPLY | D20: WI640 | E20: =(_xlfn.IFNA(INDEX(Table2[Column1],MATCH(D20,Table2[GOODS/SERVICE],0)),"")) -> 0.01 | F20: WB080 | G20: =(_xlfn.IFNA(INDEX(Table6[Column1],MATCH(F20,Table6[VAT/NVAT],TRUE)),"")) -> 0.03
A21: 125-861-556-0000 | B21: ALSAFEX ENTERPRISES | D21: WI640 | E21: =(_xlfn.IFNA(INDEX(Table2[Column1],MATCH(D21,Table2[GOODS/SERVICE],0)),"")) -> 0.01 | F21: WB080 | G21: =(_xlfn.IFNA(INDEX(Table6[Column1],MATCH(F21,Table6[VAT/NVAT],TRUE)),"")) -> 0.03
A22: 940-497-283-0000 | B22: ANAK-LITA'S KUSINA PREPARED MEALS MANUFACTURING | D22: WI157 | E22: =(_xlfn.IFNA(INDEX(Table2[Column1],MATCH(D22,Table2[GOODS/SERVICE],0)),"")) -> 0.02 | F22: WB080 | G22: =(_xlfn.IFNA(INDEX(Table6[Column1],MATCH(F22,Table6[VAT/NVAT],TRUE)),"")) -> 0.03
... A50: 181-453-252-000 | B50: CENTURY OFFICE EQUIPMENT TRADING | D50: WI640 | E50: =(_xlfn.IFNA(INDEX(Table2[Column1],MATCH(D50,Table2[GOODS/SERVICE],0)),"")) -> 0.01 | F50: WV010 | G50: =(_xlfn.IFNA(INDEX(Table6[Column1],MATCH(F50,Table6[VAT/NVAT],TRUE)),"")) -> 0.05
A51: 172-796-077-0000 | B51: CERELINA M. MARAMAG | D51: WI080 | E51: =(_xlfn.IFNA(INDEX(Table2[Column1],MATCH(D51,Table2[GOODS/SERVICE],0)),"")) -> 0.05 | G51: =(_xlfn.IFNA(INDEX(Table6[Column1],MATCH(F51,Table6[VAT/NVAT],TRUE)),""))
A52: 771-647-762-0000 | B52: CHEF TROYWILZ CATERING SERVICES | D52: WI157 | E52: =(_xlfn.IFNA(INDEX(Table2[Column1],MATCH(D52,Table2[GOODS/SERVICE],0)),"")) -> 0.02 | F52: WB080 | G52: =(_xlfn.IFNA(INDEX(Table6[Column1],MATCH(F52,Table6[VAT/NVAT],TRUE)),"")) -> 0.03
A53: 710-023-602-0000 | B53: CHEFMILES MC-ALY GRILL HOUSE | D53: WI157 | E53: =(_xlfn.IFNA(INDEX(Table2[Column1],MATCH(D53,Table2[GOODS/SERVICE],0)),"")) -> 0.02 | F53: WB080 | G53: =(_xlfn.IFNA(INDEX(Table6[Column1],MATCH(F53,Table6[VAT/NVAT],TRUE)),"")) -> 0.03
A54: 497-638-911-0000 | B54: CL ARTZ PRINTING AND PARTY NEEDS | D54: WI640 | E54: =(_xlfn.IFNA(INDEX(Table2[Column1],MATCH(D54,Table2[GOODS/SERVICE],0)),"")) -> 0.01 | F54: WB080 | G54: =(_xlfn.IFNA(INDEX(Table6[Column1],MATCH(F54,Table6[VAT/NVAT],TRUE)),"")) -> 0.03
A55: 932-068-537-0000 | B55: CLAIREVERSON GENERAL MERCHANDISING | D55: WI640 | E55: =(_xlfn.IFNA(INDEX(Table2[Column1],MATCH(D55,Table2[GOODS/SERVICE],0)),"")) -> 0.01 | F55: WB080 | G55: =(_xlfn.IFNA(INDEX(Table6[Column1],MATCH(F55,Table6[VAT/NVAT],TRUE)),"")) -> 0.03
A56: 272-588-294-0000 | B56: CMCZ ENTERPRISES | D56: WI640 | E56: =(_xlfn.IFNA(INDEX(Table2[Column1],MATCH(D56,Table2[GOODS/SERVICE],0)),"")) -> 0.01 | F56: WB080 | G56: =(_xlfn.IFNA(INDEX(Table6[Column1],MATCH(F56,Table6[VAT/NVAT],TRUE)),"")) -> 0.03
A57: 006-895-049-0075 | B57: CONVERGE INFORMATION AND COMMUNICATIONS TECHNOLOGY SOLUTIONS, INC. - LUCBAN | D57: WC157 | E57: =(_xlfn.IFNA(INDEX(Table2[Column1],MATCH(D57,Table2[GOODS/SERVICE],0)),"")) -> 0.02 | F57: WV020 | G57: =(_xlfn.IFNA(INDEX(Table6[Column1],MATCH(F57,Table6[VAT/NVAT],TRUE)),"")) -> 0.05
A58: 006-895-049-0117 | B58: CONVERGE INFORMATION AND COMMUNICATIONS TECHNOLOGY SOLUTIONS, INC. - TAYABAS | D58: WC157 | E58: =(_xlfn.IFNA(INDEX(Table2[Column1],MATCH(D58,Table2[GOODS/SERVICE],0)),"")) -> 0.02 | F58: WV020 | G58: =(_xlfn.IFNA(INDEX(Table6[Column1],MATCH(F58,Table6[VAT/NVAT],TRUE)),"")) -> 0.05
A59: 007-982-168-0000 | B59: CORITOS GARDEN INC | D59: WC157 | E59: =(_xlfn.IFNA(INDEX(Table2[Column1],MATCH(D59,Table2[GOODS/SERVICE],0)),"")) -> 0.02 | F59: WV020 | G59: =(_xlfn.IFNA(INDEX(Table6[Column1],MATCH(F59,Table6[VAT/NVAT],TRUE)),"")) -> 0.05
A60: 258-131-808-0000 | B60: COSTIMIANO ENTERPRISES | D60: WI640 | E60: =(_xlfn.IFNA(INDEX(Table2[Column1],MATCH(D60,Table2[GOODS/SERVICE],0)),"")) -> 0.01 | F60: WV010 | G60: =(_xlfn.IFNA(INDEX(Table6[Column1],MATCH(F60,Table6[VAT/NVAT],TRUE)),"")) -> 0.05
A61: 485-101-444-0000 | B61: CRISJAN GLASS AND PLASTIC WARES | D61: WI640 | E61: =(_xlfn.IFNA(INDEX(Table2[Column1],MATCH(D61,Table2[GOODS/SERVICE],0)),"")) -> 0.01 | F61: WB080 | G61: =(_xlfn.IFNA(INDEX(Table6[Column1],MATCH(F61,Table6[VAT/NVAT],TRUE)),"")) -> 0.03
A62: 928-277-429-0010 | B62: CUE 5 SHELL GASOLINE STATION | D62: WC640 | E62: =(_xlfn.IFNA(INDEX(Table2[Column1],MATCH(D62,Table2[GOODS/SERVICE],0)),"")) -> 0.01 | F62: WV010 | G62: =(_xlfn.IFNA(INDEX(Table6[Column1],MATCH(F62,Table6[VAT/NVAT],TRUE)),"")) -> 0.05
A63: 494-537-393-0000 | B63: CYUAN TRADING | D63: WI640 | E63: =(_xlfn.IFNA(INDEX(Table2[Column1],MATCH(D63,Table2[GOODS/SERVICE],0)),"")) -> 0.01 | F63: WV010 | G63: =(_xlfn.IFNA(INDEX(Table6[Column1],MATCH(F63,Table6[VAT/NVAT],TRUE)),"")) -> 0.05
... A79: 453-776-998-0000 | B79: EM-AR HANDICRAFTS TRADING | D79: WI640 | E79: =(_xlfn.IFNA(INDEX(Table2[Column1],MATCH(D79,Table2[GOODS/SERVICE],0)),"")) -> 0.01 | F79: WB080 | G79: =(_xlfn.IFNA(INDEX(Table6[Column1],MATCH(F79,Table6[VAT/NVAT],TRUE)),"")) -> 0.03
A80: 149-165-018-0000 | B80: ERLINA R. RONDA | D80: WI080 | E80: =(_xlfn.IFNA(INDEX(Table2[Column1],MATCH(D80,Table2[GOODS/SERVICE],0)),"")) -> 0.05 | G80: =(_xlfn.IFNA(INDEX(Table6[Column1],MATCH(F80,Table6[VAT/NVAT],TRUE)),""))
A81: 916-428-512-0000 | B81: ESPINOZA COPYHAUS | D81: WI640 | E81: =(_xlfn.IFNA(INDEX(Table2[Column1],MATCH(D81,Table2[GOODS/SERVICE],0)),"")) -> 0.01 | F81: WB080 | G81: =(_xlfn.IFNA(INDEX(Table6[Column1],MATCH(F81,Table6[VAT/NVAT],TRUE)),"")) -> 0.03
A82: 157-316-470-0000 | B82: FAMOUS ELECTRICAL AND CONSTRUCTION SUPPLY | D82: WI640 | E82: =(_xlfn.IFNA(INDEX(Table2[Column1],MATCH(D82,Table2[GOODS/SERVICE],0)),"")) -> 0.01 | F82: WV010 | G82: =(_xlfn.IFNA(INDEX(Table6[Column1],MATCH(F82,Table6[VAT/NVAT],TRUE)),"")) -> 0.05
A83: 293-771-134-0000 | B83: FARRAJEEVA GENERAL MERCHANDISE | D83: WI640 | E83: =(_xlfn.IFNA(INDEX(Table2[Column1],MATCH(D83,Table2[GOODS/SERVICE],0)),"")) -> 0.01 | F83: WB080 | G83: =(_xlfn.IFNA(INDEX(Table6[Column1],MATCH(F83,Table6[VAT/NVAT],TRUE)),"")) -> 0.03
A84: 009-924-175-0000 | B84: FEDERAL CONCEPTS INC | D84: WC157 | E84: =(_xlfn.IFNA(INDEX(Table2[Column1],MATCH(D84,Table2[GOODS/SERVICE],0)),"")) -> 0.02 | F84: WV020 | G84: =(_xlfn.IFNA(INDEX(Table6[Column1],MATCH(F84,Table6[VAT/NVAT],TRUE)),"")) -> 0.05
A85: 274-580-792-0000 | B85: FINEART CONSUMER GOODS TRADING | D85: WI640 | E85: =(_xlfn.IFNA(INDEX(Table2[Column1],MATCH(D85,Table2[GOODS/SERVICE],0)),"")) -> 0.01 | F85: WV010 | G85: =(_xlfn.IFNA(INDEX(Table6[Column1],MATCH(F85,Table6[VAT/NVAT],TRUE)),"")) -> 0.05
A86: 730-684-477-00001 | B86: FOOTLAND GENERAL MERCHANDIZE | D86: WI640 | E86: =(_xlfn.IFNA(INDEX(Table2[Column1],MATCH(D86,Table2[GOODS/SERVICE],0)),"")) -> 0.01 | F86: WB080 | G86: =(_xlfn.IFNA(INDEX(Table6[Column1],MATCH(F86,Table6[VAT/NVAT],TRUE)),"")) -> 0.03
A87: 169-449-365-0000 | B87: FRS AUTO AIRCON REPAIR SHOP | D87: WI157 | E87: =(_xlfn.IFNA(INDEX(Table2[Column1],MATCH(D87,Table2[GOODS/SERVICE],0)),"")) -> 0.02 | F87: WB080 | G87: =(_xlfn.IFNA(INDEX(Table6[Column1],MATCH(F87,Table6[VAT/NVAT],TRUE)),"")) -> 0.03
A88: 004-475-204-0000 | B88: GAKKEN PHILIPPINES INC | D88: WC640 | E88: =(_xlfn.IFNA(INDEX(Table2[Column1],MATCH(D88,Table2[GOODS/SERVICE],0)),"")) -> 0.01 | F88: WV010 | G88: =(_xlfn.IFNA(INDEX(Table6[Column1],MATCH(F88,Table6[VAT/NVAT],TRUE)),"")) -> 0.05
A89: 490-262-478-0000 | B89: GAMBOTIKA PHARMACY | D89: WI640 | E89: =(_xlfn.IFNA(INDEX(Table2[Column1],MATCH(D89,Table2[GOODS/SERVICE],0)),"")) -> 0.01 | F89: WB080 | G89: =(_xlfn.IFNA(INDEX(Table6[Column1],MATCH(F89,Table6[VAT/NVAT],TRUE)),"")) -> 0.03
A90: 102-290-331-0000 | B90: GEC STATIONERY AND GENERAL MERCHANDISE | D90: WI640 | E90: =(_xlfn.IFNA(INDEX(Table2[Column1],MATCH(D90,Table2[GOODS/SERVICE],0)),"")) -> 0.01 | F90: WV010 | G90: =(_xlfn.IFNA(INDEX(Table6[Column1],MATCH(F90,Table6[VAT/NVAT],TRUE)),"")) -> 0.05
A91: 432-388-311-0000 | B91: GEORDAN AND CRISLEN ELECTRONIC PARTS | D91: WI640 | E91: =(_xlfn.IFNA(INDEX(Table2[Column1],MATCH(D91,Table2[GOODS/SERVICE],0)),"")) -> 0.01 | F91: WB080 | G91: =(_xlfn.IFNA(INDEX(Table6[Column1],MATCH(F91,Table6[VAT/NVAT],TRUE)),"")) -> 0.03
A92: 006-161-363-0000 | B92: GIANT PETROLEUM CONCEPT PHILS INC | D92: WC640 | E92: =(_xlfn.IFNA(INDEX(Table2[Column1],MATCH(D92,Table2[GOODS/SERVICE],0)),"")) -> 0.01 | F92: WV010 | G92: =(_xlfn.IFNA(INDEX(Table6[Column1],MATCH(F92,Table6[VAT/NVAT],TRUE)),"")) -> 0.05
... A107: 004-160-516-0000 | B107: ILASAN MULTI PURPOSE COOPERATIVE | D107: WI640 | E107: =(_xlfn.IFNA(INDEX(Table2[Column1],MATCH(D107,Table2[GOODS/SERVICE],0)),"")) -> 0.01 | F107: WB080 | G107: =(_xlfn.IFNA(INDEX(Table6[Column1],MATCH(F107,Table6[VAT/NVAT],TRUE)),"")) -> 0.03
A108: 444-088-523-0000 | B108: IMERALD MICHELLE ESMERALDA-AMANDY, RPSY | D108: WI151 | E108: =(_xlfn.IFNA(INDEX(Table2[Column1],MATCH(D108,Table2[GOODS/SERVICE],0)),"")) -> 0.05 | G108: =(_xlfn.IFNA(INDEX(Table6[Column1],MATCH(F108,Table6[VAT/NVAT],TRUE)),""))
A109: 000-249-888-0056 | B109: IMPERIAL APPLIANCE PLAZA- LUCENA BRANCH | D109: WI640 | E109: =(_xlfn.IFNA(INDEX(Table2[Column1],MATCH(D109,Table2[GOODS/SERVICE],0)),"")) -> 0.01 | F109: WV010 | G109: =(_xlfn.IFNA(INDEX(Table6[Column1],MATCH(F109,Table6[VAT/NVAT],TRUE)),"")) -> 0.05
A110: 438-477-308-0000 | B110: INFINITY BLESSING DRY AND GEN MDSE PAPER PRODUCTS | D110: WI640 | E110: =(_xlfn.IFNA(INDEX(Table2[Column1],MATCH(D110,Table2[GOODS/SERVICE],0)),"")) -> 0.01 | F110: WB080 | G110: =(_xlfn.IFNA(INDEX(Table6[Column1],MATCH(F110,Table6[VAT/NVAT],TRUE)),"")) -> 0.03
A111: 000-404-818-0011 | B111: INTERNATIONAL TOYWORLD, INC. | D111: WC640 | E111: =(_xlfn.IFNA(INDEX(Table2[Column1],MATCH(D111,Table2[GOODS/SERVICE],0)),"")) -> 0.01 | F111: WV010 | G111: =(_xlfn.IFNA(INDEX(Table6[Column1],MATCH(F111,Table6[VAT/NVAT],TRUE)),"")) -> 0.05
A112: 768-150-330-0000 | B112: ISQUADERNO OFFICE AND SCHOOL SUPPLIES | D112: WI640 | E112: =(_xlfn.IFNA(INDEX(Table2[Column1],MATCH(D112,Table2[GOODS/SERVICE],0)),"")) -> 0.01 | F112: WB080 | G112: =(_xlfn.IFNA(INDEX(Table6[Column1],MATCH(F112,Table6[VAT/NVAT],TRUE)),"")) -> 0.03
A113: 249-923-404-0000 | B113: IT AVENUE GENERAL MERCHANDISE | D113: WI640 | E113: =(_xlfn.IFNA(INDEX(Table2[Column1],MATCH(D113,Table2[GOODS/SERVICE],0)),"")) -> 0.01 | F113: WV010 | G113: =(_xlfn.IFNA(INDEX(Table6[Column1],MATCH(F113,Table6[VAT/NVAT],TRUE)),"")) -> 0.05
A114: 232-105-993-0000 | B114: IVALUE TECHNOLOGIES CORPORATION | D114: WC157 | E114: =(_xlfn.IFNA(INDEX(Table2[Column1],MATCH(D114,Table2[GOODS/SERVICE],0)),"")) -> 0.02 | F114: WV020 | G114: =(_xlfn.IFNA(INDEX(Table6[Column1],MATCH(F114,Table6[VAT/NVAT],TRUE)),"")) -> 0.05
A115: 736-030-571-0000 | B115: J.E.J. DAZO MARKETING | D115: WI640 | E115: =(_xlfn.IFNA(INDEX(Table2[Column1],MATCH(D115,Table2[GOODS/SERVICE],0)),"")) -> 0.01 | F115: WV010 | G115: =(_xlfn.IFNA(INDEX(Table6[Column1],MATCH(F115,Table6[VAT/NVAT],TRUE)),"")) -> 0.05
A116: 156-915-703-0000 | B116: J.R. MEJILLAS'S TRADING | D116: WI640 | E116: =(_xlfn.IFNA(INDEX(Table2[Column1],MATCH(D116,Table2[GOODS/SERVICE],0)),"")) -> 0.01 | F116: WB080 | G116: =(_xlfn.IFNA(INDEX(Table6[Column1],MATCH(F116,Table6[VAT/NVAT],TRUE)),"")) -> 0.03
A117: 172-647-396-0000 | B117: JAAP GENERAL MERCHANDISE | D117: WI640 | E117: =(_xlfn.IFNA(INDEX(Table2[Column1],MATCH(D117,Table2[GOODS/SERVICE],0)),"")) -> 0.01 | F117: WV010 | G117: =(_xlfn.IFNA(INDEX(Table6[Column1],MATCH(F117,Table6[VAT/NVAT],TRUE)),"")) -> 0.05
A118: 307-859-424-0000 | B118: JADIMAV TRADING | D118: WI640 | E118: =(_xlfn.IFNA(INDEX(Table2[Column1],MATCH(D118,Table2[GOODS/SERVICE],0)),"")) -> 0.01 | F118: WV010 | G118: =(_xlfn.IFNA(INDEX(Table6[Column1],MATCH(F118,Table6[VAT/NVAT],TRUE)),"")) -> 0.05
A119: 323-440-661-0000 | B119: JANET GENERAL MERCHANDISE | D119: WI640 | E119: =(_xlfn.IFNA(INDEX(Table2[Column1],MATCH(D119,Table2[GOODS/SERVICE],0)),"")) -> 0.01 | F119: WB080 | G119: =(_xlfn.IFNA(INDEX(Table6[Column1],MATCH(F119,Table6[VAT/NVAT],TRUE)),"")) -> 0.03
A120: 273-018-979-00000 | B120: JANKAT CONSUMER GOODS TRADING | D120: WI640 | E120: =(_xlfn.IFNA(INDEX(Table2[Column1],MATCH(D120,Table2[GOODS/SERVICE],0)),"")) -> 0.01 | F120: WB080 | G120: =(_xlfn.IFNA(INDEX(Table6[Column1],MATCH(F120,Table6[VAT/NVAT],TRUE)),"")) -> 0.03
... A229: 207-961-175-0000 | B229: SANFORD MARKETING CORPORATION | D229: WC640 | E229: =(_xlfn.IFNA(INDEX(Table2[Column1],MATCH(D229,Table2[GOODS/SERVICE],0)),"")) -> 0.01 | F229: WV010 | G229: =(_xlfn.IFNA(INDEX(Table6[Column1],MATCH(F229,Table6[VAT/NVAT],TRUE)),"")) -> 0.05
A230: 938-796-735-0000 | B230: SARHA A. BAUTISTA | D230: WI080 | E230: =(_xlfn.IFNA(INDEX(Table2[Column1],MATCH(D230,Table2[GOODS/SERVICE],0)),"")) -> 0.05 | G230: =(_xlfn.IFNA(INDEX(Table6[Column1],MATCH(F230,Table6[VAT/NVAT],TRUE)),""))
A231: 925-109-985-0000 | B231: SASGIE GENERAL MERCHANDISE | D231: WI157 | E231: =(_xlfn.IFNA(INDEX(Table2[Column1],MATCH(D231,Table2[GOODS/SERVICE],0)),"")) -> 0.02 | F231: WV020 | G231: =(_xlfn.IFNA(INDEX(Table6[Column1],MATCH(F231,Table6[VAT/NVAT],TRUE)),"")) -> 0.05
A232: 254-001-309-0001 | B232: SCONES AND MUFFINS BAKESHOP | D232: WI640 | E232: =(_xlfn.IFNA(INDEX(Table2[Column1],MATCH(D232,Table2[GOODS/SERVICE],0)),"")) -> 0.01 | F232: WV010 | G232: =(_xlfn.IFNA(INDEX(Table6[Column1],MATCH(F232,Table6[VAT/NVAT],TRUE)),"")) -> 0.05
A233: 200-826-008-0000 | B233: SHARKMAN AGRO-INDUSTRIAL ENTERPRISE | D233: WI640 | E233: =(_xlfn.IFNA(INDEX(Table2[Column1],MATCH(D233,Table2[GOODS/SERVICE],0)),"")) -> 0.01 | F233: WV010 | G233: =(_xlfn.IFNA(INDEX(Table6[Column1],MATCH(F233,Table6[VAT/NVAT],TRUE)),"")) -> 0.05
A234: 010-443-073-0010 | B234: SIO F.M.S. CORP. | D234: WC640 | E234: =(_xlfn.IFNA(INDEX(Table2[Column1],MATCH(D234,Table2[GOODS/SERVICE],0)),"")) -> 0.01 | F234: WV010 | G234: =(_xlfn.IFNA(INDEX(Table6[Column1],MATCH(F234,Table6[VAT/NVAT],TRUE)),"")) -> 0.05
A235: 928-344-320-0000 | B235: SLINK TRADING / ALEX L. OBNAMIA | D235: WI640 | E235: =(_xlfn.IFNA(INDEX(Table2[Column1],MATCH(D235,Table2[GOODS/SERVICE],0)),"")) -> 0.01 | F235: WV010 | G235: =(_xlfn.IFNA(INDEX(Table6[Column1],MATCH(F235,Table6[VAT/NVAT],TRUE)),"")) -> 0.05
A236: 908-774-389-0000 | B236: SORIANO EXCAVATION AND PLUMBING SERVICES | D236: WI157 | E236: =(_xlfn.IFNA(INDEX(Table2[Column1],MATCH(D236,Table2[GOODS/SERVICE],0)),"")) -> 0.02 | F236: WB080 | G236: =(_xlfn.IFNA(INDEX(Table6[Column1],MATCH(F236,Table6[VAT/NVAT],TRUE)),"")) -> 0.03
A237: 940-503-249-0000 | B237: SOUTH WEST NORTH PRINTING SERVICES | D237: WI640 | E237: =(_xlfn.IFNA(INDEX(Table2[Column1],MATCH(D237,Table2[GOODS/SERVICE],0)),"")) -> 0.01 | F237: WB080 | G237: =(_xlfn.IFNA(INDEX(Table6[Column1],MATCH(F237,Table6[VAT/NVAT],TRUE)),"")) -> 0.03
A238: 477-814-844-0005 | B238: SOUTHERN IMPERIAL APPLIANCE PLAZA | D238: WI640 | E238: =(_xlfn.IFNA(INDEX(Table2[Column1],MATCH(D238,Table2[GOODS/SERVICE],0)),"")) -> 0.01 | F238: WV020 | G238: =(_xlfn.IFNA(INDEX(Table6[Column1],MATCH(F238,Table6[VAT/NVAT],TRUE)),"")) -> 0.05
A239: 927-056-818-0000 | B239: ST GABRIEL GLASS AND ALUMINUM SUPPLY | D239: WI640 | E239: =(_xlfn.IFNA(INDEX(Table2[Column1],MATCH(D239,Table2[GOODS/SERVICE],0)),"")) -> 0.01 | F239: WB080 | G239: =(_xlfn.IFNA(INDEX(Table6[Column1],MATCH(F239,Table6[VAT/NVAT],TRUE)),"")) -> 0.03
A240: 000-639-441-0013 | B240: ST JUDE MULTI PURPOSE COOPERATIVE | D240: WI157 | E240: =(_xlfn.IFNA(INDEX(Table2[Column1],MATCH(D240,Table2[GOODS/SERVICE],0)),"")) -> 0.02 | F240: WB080 | G240: =(_xlfn.IFNA(INDEX(Table6[Column1],MATCH(F240,Table6[VAT/NVAT],TRUE)),"")) -> 0.03
A241: 927-056-818-000 | B241: ST. GABRIEL GLASS & ALUMINUM SUPPLY | D241: WI640 | E241: =(_xlfn.IFNA(INDEX(Table2[Column1],MATCH(D241,Table2[GOODS/SERVICE],0)),"")) -> 0.01 | F241: WB080 | G241: =(_xlfn.IFNA(INDEX(Table6[Column1],MATCH(F241,Table6[VAT/NVAT],TRUE)),"")) -> 0.03
A242: 000-086-204-0000 | B242: STAR APPLIANCE CENTER INC | D242: WC640 | E242: =(_xlfn.IFNA(INDEX(Table2[Column1],MATCH(D242,Table2[GOODS/SERVICE],0)),"")) -> 0.01 | F242: WV010 | G242: =(_xlfn.IFNA(INDEX(Table6[Column1],MATCH(F242,Table6[VAT/NVAT],TRUE)),"")) -> 0.05
... A277: 600-894-913-0000 | B277: SLR INFORMATION TECHNOLOGY SOLUTIONS | D277: WI157 | E277: =(_xlfn.IFNA(INDEX(Table2[Column1],MATCH(D277,Table2[GOODS/SERVICE],0)),"")) -> 0.02 | F277: WB080 | G277: =(_xlfn.IFNA(INDEX(Table6[Column1],MATCH(F277,Table6[VAT/NVAT],TRUE)),"")) -> 0.03

Sheet Responsibility Center Code
B1: RCDescription | C1: RCAcronym | D1: RCCode
B2: SDO - Elementary Education (Kinder to Grade 6) | C2: SDO-EE | D2: 08-08-0003
B3: SDO - Junior High School (Grade 7 to Grade 10) | C3: SDO-JHS | D3: 08-08-0004
B4: SDO - Senior High School (Grade 11 to Grade 12) | C4: SDO-SHS | D4: 08-08-0005

Sheet List Of Schools
A1: Schools
A3: Alsam Integrated School
A4: Buenaventura Alandy National High School - JHS
A5: Buenaventura Alandy National High School - SHS
A6: Busal Integrated School
A7: Dapdap Integrated School - Elem
A8: Dapdap Integrated School - JHS
A9: Dapdap Integrated School - SHS
A10: Domoit Elementary School
A11: East Palale Elementary School
A12: Eugenio Francia Integrated School
A13: Froilan E. Lopez Elementary School
... A41: West Palale National High School - SHS

Sheet Pillars
A1: Access
A2: Equity
A3: Quality
A4: Resilency and Well Being
A5: Enabling Mechanism

Sheet Suppliers
A1: TIN # | B1: NAME OF PAYEE | C1: ADDRESS | D1: GOODS/SERVICE | E1: Column1 | F1: VAT/NVAT | G1: Column2
A2: 616-048-862-0000 | B2: 3CA BUILDERS CORPORATION | C2: Legazpi City | D2: WC120 | E2: 0.02 | F2: WV020 | G2: 0.05
A3: 928-342-625-0000 | B3: 60 B CYBER STATION | C3: Tayabas City | D3: WI640 | E3: 0.01 | F3: WB080 | G3: 0.03
A4: 190-344-568-0000 | B4: A.F.N. SOLAR POWER ENGINEERING SERVICES | C4: Lot No. 2-A-9 Bigo 4302 Pagbilao, Quezon | D4: WI640 | E4: 0.01 | F4: WB080 | G4: 0.03
A5: 439-989-108-0000 | B5: A.M. PAMPLONA PRINTING SERVICES | C5: Tayabas City | D5: WI640 | E5: 0.01 | F5: WB080 | G5: 0.03
A6: 180-240-467-0000 | B6: A.N.N.RESTAURANT | C6: Palale Kanluran, City of Tayabas | D6: WI157 | E6: 0.02 | F6: WV020 | G6: 0.05
A7: 402-125-200-0000 | B7: A2J'S PARTY NEEDS AND T-SHIRT PRINTING SERVICES | C7: Door 4 Cion Bldg. P. Nadera St. Angeles Zone 2, Tayabas City | D7: WI640 | E7: 0.01 | F7: WB080 | G7: 0.03
A8: 000-299-299-0036 | B8: ABACUS BOOK AND CARD CORP. NATIONAL BOOK STORE | C8: Lucena City | D8: WC640 | E8: 0.01 | F8: WV010 | G8: 0.05
A9: 275-548-645-0000 | B9: ABI GRACIAS MARKETING | C9: Santiago St. (near Dra. Liwanag Clinic) San Roque Zone-1, Tayabas City, Quezon | D9: WI640 | E9: 0.01 | F9: WB080 | G9: 0.03
A10: 150-501-608-0010 | B10: ABING APARTMENT | C10: Tayabas City | D10: WI100 | E10: 0.05
A11: 259-438-832-00001 | B11: AC RECIO DEPARTMENT STORE | C11: 52 Zamora St. Brgy 6 Lucena City | D11: WI640 | E11: 0.01 | F11: WV010 | G11: 0.05
A12: 200-035-311-0000 | B12: ACE HARDWARE PHILIPPINES, INC. | C12: Lucena City | D12: WC640 | E12: 0.01 | F12: WV010 | G12: 0.05
A13: 933-335-700-001 | B13: ACNLC TRADING | C13: 117 Doroteo Nadres St. Brgy Angeles Zone 4 Tayabas City | D13: WI640 | E13: 0.01 | F13: WV010 | G13: 0.05
A14: 200-470-425-0005 | B14: ACTIVE HEARING CENTER - LUCENA BRANCH | C14: Ibabang Dupay, Lucena City | D14: WC157 | E14: 0.02 | F14: WV020 | G14: 0.05
A15: 909-421-522-0000 | B15: ADOOH-BENG GENERAL MERCHANDISE | C15: Brgy San Roque Alaminos Laguna | D15: WI640 | E15: 0.01 | F15: WV010 | G15: 0.05
A16: 418-042-016-0000 | B16: AHR GLASS & ALUMINUM SUPPLY & GENERAL MERCHANDISE | C16: Lucena City | D16: WI640 | E16: 0.01 | F16: WV010 | G16: 0.05
A17: 602-736-408-00000 | B17: AJT ONE ALUMINUM AND GLASS SUPPLY CORP. | C17: 0847 Warehouse Dalahican Sta. Teresa Subd., Dalahican Lucena City | D17: WC640 | E17: 0.01 | F17: WV010 | G17: 0.05
A18: 431-279-751-0000 | B18: AL AND SALY GENERAL MERCHANDISE | C18: Tayabas City | D18: WI640 | E18: 0.01 | F18: WB080 | G18: 0.03
A19: 115-902-248-0000 | B19: AL MAE GENERAL MERCHANDISE | C19: Merchan St.cor San Fernando St.Lucena City | D19: WI640 | E19: 0.01 | F19: WB080 | G19: 0.03
A20: 272-389-871-0000 | B20: ALAS PHARMACY | C20: Lucena City | D20: WI640 | E20: 0.01 | F20: WB080 | G20: 0.03
A21: 133-640-468-0000 | B21: ALCOREZA GLASS AND ALUMINUM SUPPLY | C21: Tayabas City | D21: WI640 | E21: 0.01 | F21: WB080 | G21: 0.03
A22: 161-490-709-0000 | B22: ALROSE PRINTING SERVICES | C22: 26 Cabana cor. Allarey St. Brgy. 3, Lucena City | D22: WI640 | E22: 0.01 | F22: WV010 | G22: 0.05
... A54: 181-453-252-0000 | B54: CENTURY OFFICE EQUIPMENT TRADING | C54: 2nd Road, Arce Subd.Kumintang Ibaba Batangas City | D54: WI640 | E54: 0.01 | F54: WV010 | G54: 0.05
A55: 172-796-077-0000 | B55: CERELINA M. MARAMAG | D55: WI080 | E55: 0.05
A56: 771-647-762-0000 | B56: CHEF TROYWILZ CATERING SERVICES | C56: Bucal, Sariaya, Quezon | D56: WI157 | E56: 0.02 | F56: WB080 | G56: 0.03
A57: 710-023-602-0000 | B57: CHEFMILES MC-ALY GRILL HOUSE | C57: Quezon Avenue, Brgy. San Roque Zone II, Tayabas City | D57: WI157 | E57: 0.02 | F57: WB080 | G57: 0.03
A58: 497-638-911-0000 | B58: CL ARTZ PRINTING AND PARTY NEEDS | C58: Tayabas City | D58: WI640 | E58: 0.01 | F58: WB080 | G58: 0.03
A59: 932-068-537-0000 | B59: CLAIREVERSON GENERAL MERCHANDISING | C59: Mauban, Quezon | D59: WI640 | E59: 0.01 | F59: WB080 | G59: 0.03
A60: 272-588-294-0000 | B60: CMCZ ENTERPRISES | C60: Joel cor Cecile St., Lovely Village, Brgy. Wakas, Tayabas City, Quezon | D60: WI640 | E60: 0.01 | F60: WB080 | G60: 0.03
A61: 006-895-049-0075 | B61: CONVERGE INFORMATION AND COMMUNICATIONS TECHNOLOGY SOLUTIONS, INC. - LUCBAN | C61: Lucban, Quezon | D61: WC157 | E61: 0.02 | F61: WV020 | G61: 0.05
A62: 006-895-049-0117 | B62: CONVERGE INFORMATION AND COMMUNICATIONS TECHNOLOGY SOLUTIONS, INC. - TAYABAS | C62: Tayabas City | D62: WC157 | E62: 0.02 | F62: WV020 | G62: 0.05
A63: 007-982-168-0000 | B63: CORITOS GARDEN INC | C63: Tayabas City | D63: WC157 | E63: 0.02 | F63: WV020 | G63: 0.05
A64: 258-131-808-0000 | B64: COSTIMIANO ENTERPRISES | C64: Santa Cruz, Laguna | D64: WI640 | E64: 0.01 | F64: WV010 | G64: 0.05
A65: 485-101-444-0000 | B65: CRISJAN GLASS AND PLASTIC WARES | C65: Tayabas City | D65: WI640 | E65: 0.01 | F65: WB080 | G65: 0.03
A66: 928-277-429-0010 | B66: CUE 5 SHELL GASOLINE STATION | C66: Tayabas City | D66: WC640 | E66: 0.01 | F66: WV010 | G66: 0.05
A67: 494-537-393-0000 | B67: CYUAN TRADING | C67: Taytay, Rizal | D67: WI640 | E67: 0.01 | F67: WV010 | G67: 0.05
... A72: 176-757-399-0000 | B72: DENNIS T KING ELECTRONICS PARTS AND SUPPLY | C72: Tayabas City | D72: WI640 | E72: 0.01 | F72: WB080 | G72: 0.03
A73: 345-831-985-0000 | B73: DEO V. FERNANDEZ | D73: WI010 | E73: 0.05
A74: 417-187-981-0000 | B74: DEONILLO R. ESCARIO COMPUTER CENTER | C74: Quezon Avenue Barangay 2 Poblacion Lucena City 4301 | D74: WI640 | E74: 0.01 | F74: WB080 | G74: 0.03
A75: 251-484-060-0000 | B75: DEZAIN ARTS AND GRAPHICS | C75: Tayabas City | D75: WI640 | E75: 0.01 | F75: WB080 | G75: 0.03
A76: 215-747-218-0000 | B76: DODONG'S CAFE | C76: 31 P. Nadera St. Brgy. San Diego Zone II, 4327, Tayabas City | D76: WI157 | E76: 0.02 | F76: WB080 | G76: 0.03
A77: 926-502-446-0000 | B77: DR. NELSON RAVINA EDUCATIONAL CONSULTANCY SERVICES | C77: Maharlika Highway Bukal 4302 Pagbilao, Quezon | D77: WI151 | E77: 0.05
A78: 926-502-446-0001 | B78: DR. NELSON RAVINA EDUCATIONAL CONSULTANCY SERVICES | C78: Purol 1 Lagyo 4307 Gumaca, Quezon | D78: WI151 | E78: 0.05
A79: 403-876-959-0000 | B79: DRAFTSIGN ADVERTISING | C79: Queblar cor. Enriquez St., Brarangay 9 (Pob.) 4301 Lucena City | D79: WI640 | E79: 0.01 | F79: WV010 | G79: 0.05
A80: 181-222-062-0000 | B80: DRIGGER GENERAL MERCHANDISE | C80: Tayabas City | D80: WI640 | E80: 0.01 | F80: WB080 | G80: 0.03
A81: 153-706-466-0000 | B81: DUNMILL AUTO SUPPLY | C81: Tayabas City | D81: WI640 | E81: 0.01 | F81: WV010 | G81: 0.05
A82: 190-146-772-0000 | B82: DZEE BUILDERS AND CONSTRUCTION SUPPLY | C82: Tayabas City | D82: WC120 | E82: 0.02 | F82: WV020 | G82: 0.05
A83: 220-870-934-0003 | B83: E.M. PAMPLONA COMPUTER SHOP AND PRINTING SERVICES | C83: Sariaya, Quezon | D83: WI640 | E83: 0.01 | F83: WB080 | G83: 0.01
A84: 109-297-235-0000 | B84: EBLL ELECTRICAL ENGINEERING SERVICES | C84: Unit 3 Nicodemus Bldg. Dona Aurora Blvd. Gulang Gulang Lucena City | D84: WI120 | E84: 0.02 | F84: WV020 | G84: 0.05
A85: 176-761-062-0000 | B85: ECYOJ TRADING | C85: Lucena City | D85: WI640 | E85: 0.01 | F85: WB080 | G85: 0.03
A86: 121-171-961-0000 | B86: ELFOUR TECH COMPUTER CENTER | C86: Tayabas City | D86: WI157 | E86: 0.02 | F86: WB080 | G86: 0.01
A87: 933-328-438-0002 | B87: ELIZABETH VILLENA SOUNDS MOBILE | C87: Brgy. Mayhay Pagbilao, Quezon | D87: WI157 | E87: 0.02 | F87: WB080 | G87: 0.03
A88: 453-776-998-0000 | B88: EM-AR HANDICRAFTS TRADING | C88: Quezon Avenue Angustias Zone 4,4327, City of Tayabas,Quezon, Philippines | D88: WI640 | E88: 0.01 | F88: WB080 | G88: 0.03
A89: 149-165-018-0000 | B89: ERLINA R. RONDA | D89: WI080 | E89: 0.05
A90: 916-428-512-0000 | B90: ESPINOZA COPYHAUS | C90: Tayabas City | D90: WI640 | E90: 0.01 | F90: WB080 | G90: 0.03
A91: 157-316-470-0000 | B91: FAMOUS ELECTRICAL AND CONSTRUCTION SUPPLY | C91: 21 A.M. Regidor St., Brgy. Angeles Zone-4, Tayabas City | D91: WI640 | E91: 0.01 | F91: WV010 | G91: 0.05
A92: 293-771-134-0000 | B92: FARRAJEEVA GENERAL MERCHANDISE | C92: Enriquez St. Brgy 6 Pob 4301 Lucena City Quezon | D92: WI640 | E92: 0.01 | F92: WB080 | G92: 0.03
A93: 009-924-175-0000 | B93: FEDERAL CONCEPTS INC | C93: Pasig City | D93: WC157 | E93: 0.02 | F93: WV020 | G93: 0.05
A94: 274-580-792-0000 | B94: FINEART CONSUMER GOODS TRADING | C94: Enriquez St., Brgy 6 Pob 4301 Lucena City | D94: WI640 | E94: 0.01 | F94: WV010 | G94: 0.05
A95: 452-917-428-0000 | B95: FOCOOKREATIV PRINTING SERVICES | C95: #101 Rosal II St. Bel-Air Subd. Brgy. X, Lucena City | D95: WI640 | E95: 0.01 | F95: WB080 | G95: 0.03
A96: 730-684-477-00001 | B96: FOOTLAND GENERAL MERCHANDIZE | C96: Merchan cor. Zamora St. Brgy 6 Poblacion Lucena City | D96: WI640 | E96: 0.01 | F96: WB080 | G96: 0.03
A97: 169-449-365-0000 | B97: FRS AUTO AIRCON REPAIR SHOP | C97: Lucena City | D97: WI157 | E97: 0.02 | F97: WB080 | G97: 0.03
A98: 004-475-204-0000 | B98: GAKKEN PHILIPPINES INC | C98: Tayabas City | D98: WC640 | E98: 0.01 | F98: WV010 | G98: 0.05
A99: 490-262-478-0000 | B99: GAMBOTIKA PHARMACY | C99: Tayabas City | D99: WI640 | E99: 0.01 | F99: WB080 | G99: 0.03
A100: 102-290-331-0000 | B100: GEC STATIONERY AND GENERAL MERCHANDISE | C100: Tayabas City | D100: WI640 | E100: 0.01 | F100: WV010 | G100: 0.05
A101: 432-388-311-0000 | B101: GEORDAN AND CRISLEN ELECTRONIC PARTS | C101: Tayabas City | D101: WI640 | E101: 0.01 | F101: WB080 | G101: 0.03
... A104: 114-054-934-0000 | B104: GINO'S MARKETING | C104: Lucena City | D104: WI640 | E104: 0.01 | F104: WV010 | G104: 0.05
A105: 010-344-375-0000 | B105: GLEE TECH SOLUTIONS PROVIDER CO. | D105: WI640 | E105: 0.01 | F105: WB080 | G105: 0.03
A106: 918-494-109-0000 | B106: GLOVL TRADING AND GENERAL MERCHANDISE | C106: Lucena City | D106: WI640 | E106: 0.01 | F106: WV010 | G106: 0.05
A107: 914-262-330-0000 | B107: GOLDEN D FUEL STATION | C107: Tayabas City | D107: WI640 | E107: 0.01 | F107: WV010 | G107: 0.05
A108: 482-724-182-0000 | B108: GOLDEN SELECTION STAINLESS STEEL AND ALUMINUM CENTER | C108: Lucena City | D108: WI640 | E108: 0.01 | F108: WV010 | G108: 0.05
A109: 003-888-229-0002 | B109: HANDYMAN DO IT BEST CENTER | C109: Tayabas City | D109: WC640 | E109: 0.01 | F109: WV010 | G109: 0.05
A110: 102-288-466-0000 | B110: HANSON SALES CENTER | C110: Tayabas City | D110: WI640 | E110: 0.01 | F110: WV010 | G110: 0.05
A111: 009-046-579-0000 | B111: HAUS OF SERAH PRINTING AND TRADING CORPORATION | C111: Antipolo City | D111: WC640 | E111: 0.01 | F111: WV010 | G111: 0.05
A112: 008-678-030-0000 | B112: HAUWEI BUILDERS & DEVELOPMENT CORP. | C112: #10 Pearl Island Phase 1, Malinis St. Lawang Bato, 1447 City of Valenzuela, Third District, Phil. | D112: WC640 | E112: 0.01 | F112: WV010 | G112: 0.05
A113: 136-314-543-0000 | B113: HAWKSTOW CONSTRUCTION AND DEVELOPMENT | C113: LOT 14 BLK 5 EMERALD HILLS SUBD. STA. CRUZ ANTIPOLO CITY RIZAL | D113: WI120 | E113: 0.02 | F113: WV020 | G113: 0.05
A114: 252-865-277-0010 | B114: HJC DE LUNA TRADING | C114: Candelaria, Quezon | D114: WI640 | E114: 0.01 | F114: WB080 | G114: 0.03
A115: 947-070-471-0000 | B115: HOTEI HARDWARE AND CONSTRUCTION SUPPLY | C115: Tayabas City | D115: WI640 | E115: 0.01 | F115: WV010 | G115: 0.05
A116: 255-740-820-0000 | B116: HOTROD TRADING | C116: Tayabas City | D116: WI640 | E116: 0.01 | F116: WB080 | G116: 0.03
A117: 414-749-632-0000 | B117: IGIVEJUAN WATER REFILLING STATION | C117: Tayabas City | D117: WI640 | E117: 0.01 | F117: WB080 | G117: 0.03
A118: 004-160-516-0000 | B118: ILASAN MULTI PURPOSE COOPERATIVE | C118: Tayabas City | D118: WI640 | E118: 0.01 | F118: WB080 | G118: 0.03
A119: 444-088-523-0000 | B119: IMERALD MICHELLE ESMERALDA-AMANDY, RPSY | C119: University Village, Moscow Cor. Bangkok St., Ibabang Dupay, Lucena City | D119: WI151 | E119: 0.05
A120: 000-249-888-0056 | B120: IMPERIAL APPLIANCE PLAZA- LUCENA BRANCH | C120: Lucena City | D120: WI640 | E120: 0.01 | F120: WV010 | G120: 0.05
A121: 438-477-308-0000 | B121: INFINITY BLESSING DRY AND GEN MDSE PAPER PRODUCTS | C121: Tayabas City | D121: WI640 | E121: 0.01 | F121: WB080 | G121: 0.03
A122: 000-404-818-0011 | B122: INTERNATIONAL TOYWORLD, INC. | C122: Lucena City | D122: WC640 | E122: 0.01 | F122: WV010 | G122: 0.05
A123: 768-150-330-0000 | B123: ISQUADERNO OFFICE AND SCHOOL SUPPLIES | C123: Atimonan, Quezon | D123: WI640 | E123: 0.01 | F123: WB080 | G123: 0.03
A124: 249-923-404-0000 | B124: IT AVENUE GENERAL MERCHANDISE | C124: Lucena City | D124: WI640 | E124: 0.01 | F124: WV010 | G124: 0.05
A125: 232-105-993-0000 | B125: IVALUE TECHNOLOGIES CORPORATION | C125: Makati City | D125: WC157 | E125: 0.02 | F125: WV020 | G125: 0.05
A126: 736-030-571-0000 | B126: J.E.J. DAZO MARKETING | C126: Tayabas City | D126: WI640 | E126: 0.01 | F126: WV010 | G126: 0.05
A127: 156-915-703-0000 | B127: J.R. MEJILLA'S TRADING | C127: Public Market, Angeles Zone 1, Tayabas City | D127: WI640 | E127: 0.01 | F127: WB080 | G127: 0.03
A128: 172-647-396-0000 | B128: JAAP GENERAL MERCHANDISE | C128: Tayabas City | D128: WI640 | E128: 0.01 | F128: WV010 | G128: 0.05
A129: 307-859-424-0000 | B129: JADIMAV TRADING | C129: Lucban, Quezon | D129: WI640 | E129: 0.01 | F129: WV010 | G129: 0.05
A130: 323-440-661-0000 | B130: JANET GENERAL MERCHANDISE | C130: Tayabas City | D130: WI640 | E130: 0.01 | F130: WB080 | G130: 0.03
A131: 273-018-979-0000 | B131: JANKAT CONSUMER GOODS TRADING | C131: Lot 10-B B13 St. Philip St.,St. Michael Subd Gulang - Gulang Lucena City, 4301 | D131: WI640 | E131: 0.01 | F131: WV010 | G131: 0.05
A132: 237-299-589-0000 | B132: JAS AND MON COMPUTER SHOP | C132: Sariaya, Quezon | D132: WI640 | E132: 0.01 | F132: WB080 | G132: 0.03
A133: 487-333-870-0000 | B133: JAYPEE A. ESCOBAR | D133: WI010 | E133: 0.05
A134: 494-972-861-0000 | B134: JEANNE ESTEFANI GENERAL MERCHANDISE | C134: Tayabas City | D134: WI640 | E134: 0.01 | F134: WB080 | G134: 0.03
A135: 114-052-288-0000 | B135: JEFF ENTERPRISES / FREDDIE R. LUCES | C135: Tayabas City | D135: WI120 | E135: 0.02 | F135: WV020 | G135: 0.05
A136: 193-622-471-0000 | B136: JEFNIK SCHOOL SUPPLIES AND GIFT SHOP | C136: Tayabas City | D136: WI640 | E136: 0.01 | F136: WV010 | G136: 0.05
A137: 465-463-333-0000 | B137: JGM TAILORING | C137: Tayabas City | D137: WI640 | E137: 0.01 | F137: WB080 | G137: 0.03
...
